 Dungeon Crawl Stone Soup version 0.25.0-15-gac7dcb8919 (webtiles) character file.

Game seed: 3182853040560219926

15402405 Froggeryz the Gargoyle Barricade (level 27, 199/199 HPs)
             Began as a Gargoyle Gladiator on June 28, 2020.
             Was the Champion of the Shining One.
             Escaped with the Orb
             ... and 15 runes on June 29, 2020!
             The game lasted 04:45:27 (103344 turns).

Froggeryz the Gargoyle Barricade (GrGl)           Turns: 103344, Time: 04:45:27

Health: 199/199    AC: 69    Str: 29    XL:     27
Magic:  40/40      EV: 17    Int: 10    God:    the Shining One [******]
Gold:   17831      SH: 35    Dex: 11    Spells: 36/42 levels left

rFire    + + +     SeeInvis .   A - +9 eveningstar (holy)
rCold    + + +     Gourm    .   w - +8 tower shield {reflect}
rNeg     + + +     Faith    .   j - +12 crystal plate armour of Red Miracles {rF+ rCorr Int+2}
rPois    ∞         Spirit   .   b - -2 hat of the Alchemist {rElec rPois rF+ rC+ rN+ MR+ rMut rCorr}
rElec    +         Reflect  +   l - scarf {rC+ rF+}
rCorr    +         Harm     .   p - +1 pair of gloves of the Blind Marksman {rF+}
rMut     +         Clarity  +   N - +2 pair of boots {run}
MR       +++++                  V - amulet of the Four Winds {rN+ MR+++ Clar}
Stlth    ..........             W - ring "Luelude" {rF- rC+ rN+ Str+2 Slay+2}
HPRegen  0.43/turn              I - ring "Tegavilove" {+Fly rPois rF+ Int-5 Slay+6}
MPRegen  0.27/turn

@: glowing, studying 2 skills, quick
A: big wings, claws 1, blink, dopey 1, negative energy resistance 1, electricity
resistance, strong 1, wild magic 1, unbreathing, evolution 1, petrification
resistance, rot immunity, AC +20
0: Orb of Zot
}: 15/15 runes: serpentine, barnacled, slimy, silver, golden, iron, obsidian,
icy, bone, abyssal, demonic, glowing, magical, fiery, dark
a: Fly, Blink, Divine Shield, Cleansing Flame, Summon Divine Warrior, Brand
Weapon With Holy Wrath, Renounce Religion, Evoke Flight


You escaped.
You worshipped the Shining One.
The Shining One was exalted by your worship.
You were full.

You visited 18 branches of the dungeon, and saw 89 of its levels.
You visited Pandemonium 2 times, and saw 11 of its levels.
You visited the Abyss 4 times.
You completed 1 ziggurat, and saw 27 of its levels.
You also visited: Bailey, Gauntlet and Wizlab.

You collected 21648 gold pieces.
You spent 3817 gold pieces at shops.

Inventory:

Hand Weapons
 A - a +9 eveningstar of holy wrath (weapon)
Missiles
 H - 66 silver javelins (quivered)
Armour
 b - the -2 hat of the Alchemist (worn) {rElec rPois rF+ rC+ rN+ MR+ rMut rCorr}
   (You found it in a wizard's laboratory)

   It protects you from fire.
   It protects you from cold.
   It insulates you from electricity.
   It protects you from poison.
   It protects you from negative energy.
   It affects your resistance to hostile enchantments.
   It provides partial protection from all sources of acid and corrosion.
   It protects you from mutation.
 c - the +1 helmet of the Bulwark {Regen+ Int+2 Stlth+}
   (You found it on level 2 of the Shoals)

   It affects your intelligence (+2).
   It increases your rate of regeneration.
   It makes you more stealthy.
 j - the +12 crystal plate armour of Red Miracles (worn) {rF+ rCorr Int+2}
   (You acquired it on level 4 of the Depths)

   It affects your intelligence (+2).
   It protects you from fire.
   It provides partial protection from all sources of acid and corrosion.
 l - a scarf of resistance (worn)
 p - the +1 pair of gloves of the Blind Marksman (worn) {rF+}
   (You found it on level 2 of the Shoals)

   It protects you from fire.
 w - a +8 tower shield of reflection (worn)
 N - a +2 pair of boots of running (worn)
Jewellery
 h - the amulet "Gucohul" {RegenMP +Blink rF+ rC+ Dex+4}
   (You found it on level 2 of a ziggurat)

   [amulet of magic regeneration]

   It increases your magic regeneration.
   It affects your dexterity (+4).
   It protects you from fire.
   It protects you from cold.
   It lets you blink.
 u - the ring of the Greedy {MR+ EV+4 Stlth+}
   (You bought it in a shop on level 2 of the Snake Pit)

   [ring of evasion]

   It affects your evasion (+4).
   It affects your resistance to hostile enchantments.
   It makes you more stealthy.
 I - the ring "Tegavilove" (right hand) {+Fly rPois rF+ Int-5 Slay+6}
   (You found it on level 1 of the Vaults)

   [ring of flight]

   It affects your intelligence (-5).
   It affects your accuracy and damage with ranged weapons and melee attacks
   (+6).
   It protects you from fire.
   It protects you from poison.
   It lets you fly.
 R - the ring "Emaopp" {+Blink rC+ Dex+5}
   (You found it in a Gauntlet)

   [ring of protection from cold]

   It affects your dexterity (+5).
   It protects you from cold.
   It lets you blink.
 S - the brooch of Shielding {Spirit SH+8}
   (You found it on level 7 of Gehenna)

   [amulet of guardian spirit]

   It causes incoming damage to be split between your health and magic.
   It affects your SH (+8).
 V - the amulet of the Four Winds (around neck) {rN+ MR+++ Clar}
   (You found it on level 3 of the Tomb of the Ancients)

   [amulet of nothing]

   It protects you from negative energy.
   It affects your resistance to hostile enchantments.
   It protects you against confusion.
 W - the ring "Luelude" (left hand) {rF- rC+ rN+ Str+2 Slay+2}
   (You found it on level 6 of the Lair of Beasts)

   [ring of positive energy]

   It affects your strength (+2).
   It affects your accuracy and damage with ranged weapons and melee attacks
   (+2).
   It makes you vulnerable to fire.
   It protects you from cold.
   It protects you from negative energy.
Wands
 d - a wand of acid (52)
 o - a wand of paralysis (80)
 v - a wand of iceblast (59)
 M - a wand of flame (303)
 T - a wand of disintegration (40)
Scrolls
 g - 50 scrolls of remove curse
 i - 12 scrolls of fog
 k - 9 scrolls of holy word
 n - 20 scrolls of blinking
 t - 31 scrolls of teleportation
 C - 7 scrolls of silence
 D - 16 scrolls of identify
 F - 9 scrolls of fear
 G - 8 scrolls of magic mapping
 J - 4 scrolls of brand weapon
 O - 15 scrolls of enchant weapon
 U - 10 scrolls of summoning
 Y - 7 scrolls of enchant armour
Potions
 a - 25 potions of mutation
 m - 6 potions of might
 r - 24 potions of curing
 z - 3 potions of berserk rage
 B - 2 potions of resistance
 E - 10 potions of cancellation
 K - a potion of ambrosia
 L - 9 potions of heal wounds
 P - 21 potions of haste
Books
 y - a manual of Unarmed Combat
 Q - a manual of Long Blades
Miscellaneous
 e - a +1 figurine of a ziggurat
 q - a tin of tremorstones (3/3)
 s - 23 phantom mirrors
 x - a tin of tremorstones (3/3)
 X - a tin of tremorstones (3/3)
 Z - a tin of tremorstones (3/3)
Comestibles
 f - 76 rations


   Skills:
 O Level 27 Fighting
 O Level 27 Maces & Flails
 + Level 25.9 Throwing
 O Level 27 Armour
 + Level 23.1 Dodging
 O Level 27 Shields
 - Level 8.2 Spellcasting
 - Level 17.5 Translocations
 O Level 27 Invocations
 + Level 25.4 Evocations


You had 36 spell levels left.
You knew the following spells:

 Your Spells              Type           Power        Failure   Level  Hunger
a - Apportation           Tloc           ######       1%          1    None
b - Blink                 Tloc           N/A          1%          2    #......
c - Lesser Beckoning      Tloc           ######....   1%          3    ###....

Your spell library contained the following spells:

 Spells                   Type           Power        Failure   Level  Hunger
 Gell's Gravitas          Tloc           ######....   1%          3    ###....
 Teleport Other           Tloc           ######..     1%          3    ###....
 Shroud of Golubria       Chrm/Tloc      ####..       6%          2    #......
 Portal Projectile        Hex/Tloc       ####..       12%         3    ###....
 Recall                   Summ/Tloc      N/A          12%         3    ###....
 Dispersal                Tloc           ######....   16%         6    #######
 Iskenderun's Mystic Bla  Conj/Tloc      ####....     32%         4    ####...
 Summon Forest            Summ/Tloc      ####......   65%         5    ######.
 Animate Skeleton         Necr           N/A          75%         1    None
 Beastly Appendage        Tmut           #.....       75%         1    None
 Corona                   Hex            #......      75%         1    None
 Foxfire                  Conj/Fire      #...         75%         1    None
 Freeze                   Ice            #...         75%         1    None
 Infusion                 Chrm           #...         75%         1    None
 Magic Dart               Conj           #...         75%         1    None
 Sandblast                Erth           #.....       75%         1    None
 Shock                    Conj/Air       #...         75%         1    None
 Sting                    Tmut/Pois      #...         75%         1    None
 Summon Butterflies       Summ           #.......     75%         1    None
 Summon Small Mammal      Summ           #...         75%         1    None
 Call Imp                 Summ           #.......     86%         2    #......
 Corpse Rot               Necr/Air       N/A          86%         2    #......
 Ensorcelled Hibernation  Hex/Ice        #.....       86%         2    #......
 Passwall                 Tmut/Erth      #.......     86%         2    #......
 Poisonous Vapours        Pois/Air       #.....       86%         2    #......
 Searing Ray              Conj           #.....       86%         2    #......
 Slow                     Hex            #.......     86%         2    #......
 Song of Slaying          Chrm           #.......     86%         2    #......
 Sticks to Snakes         Tmut           #.......     86%         2    #......
 Swiftness                Chrm/Air       #.......     86%         2    #......
 Call Canine Familiar     Summ           #.......     97%         3    ###....
 Confusing Touch          Hex            #.......     97%         3    ###....
 Conjure Flame            Conj/Fire      #.......     97%         3    ###....
 Dazzling Flash           Conj/Hex       #.....       97%         3    ###....
 Frozen Ramparts          Ice            #.....       97%         3    ###....
 Ignite Poison            Fire/Tmut/Pois #.......     97%         3    ###....
 Inner Flame              Hex/Fire       #.......     97%         3    ###....
 Mephitic Cloud           Conj/Pois/Air  #.......     97%         3    ###....
 Ozocubu's Armour         Chrm/Ice       #.......     97%         3    ###....
 Spectral Weapon          Hex/Chrm       #.......     97%         3    ###....
 Spider Form              Tmut/Pois      #.........   97%         3    ###....
 Static Discharge         Conj/Air       #.......     97%         3    ###....
 Stone Arrow              Conj/Erth      #.....       97%         3    ###....
 Summon Guardian Golem    Hex/Summ       #.......     97%         3    ###....
 Tukima's Dance           Hex            #.......     97%         3    ###....
 Vampiric Draining        Necr           #.........   97%         3    ###....
 Controlled Blink         Tloc           N/A          99%         8    #######
 Disjunction              Tloc           ######....   99%         8    #######
 Airstrike                Air            #.........   100%        4    ####...
 Animate Dead             Necr           N/A          100%        4    ####...
 Cause Fear               Hex            #.........   100%        4    ####...
 Dispel Undead            Necr           #.......     100%        4    ####...
 Fulminant Prism          Conj/Hex       #.........   100%        4    ####...
 Hailstorm                Conj/Ice       #.......     100%        4    ####...
 Ice Form                 Ice/Tmut       #.......     100%        4    ####...
 Leda's Liquefaction      Hex/Erth       #.........   100%        4    ####...
 Olgreb's Toxic Radiance  Pois           #.......     100%        4    ####...
 Petrify                  Tmut/Erth      #.......     100%        4    ####...
 Sticky Flame             Conj/Fire      #.......     100%        4    ####...
 Summon Ice Beast         Ice/Summ       #.......     100%        4    ####...
 Summon Lightning Spire   Summ/Air       #.......     100%        4    ####...
 Agony                    Necr           #.......     100%        5    ######.
 Alistair's Intoxication  Tmut/Pois      #.......     100%        5    ######.
 Aura of Abjuration       Summ           #.........   100%        5    ######.
 Blade Hands              Tmut           #.........   100%        5    ######.
 Bolt of Magma            Conj/Fire/Erth #.........   100%        5    ######.
 Borgnjor's Vile Clutch   Necr/Erth      #.........   100%        5    ######.
 Fireball                 Conj/Fire      #.........   100%        5    ######.
 Irradiate                Conj/Tmut      #.........   100%        5    ######.
 Iskenderun's Battlesphe  Conj/Chrm      #.......     100%        5    ######.
 Lee's Rapid Deconstruct  Erth           #.........   100%        5    ######.
 Lightning Bolt           Conj/Air       #.........   100%        5    ######.
 Metabolic Englaciation   Hex/Ice        #.........   100%        5    ######.
 Silence                  Hex/Air        #.........   100%        5    ######.
 Summon Demon             Summ           #.........   100%        5    ######.
 Summon Mana Viper        Hex/Summ       #.......     100%        5    ######.
 Yara's Violent Unravell  Hex/Tmut       #.........   100%        5    ######.
 Conjure Ball Lightning   Conj/Air       #.........   100%        6    #######
 Darkness                 Hex            #.........   100%        6    #######
 Death Channel            Necr           #.........   100%        6    #######
 Eringya's Noxious Bog    Tmut/Pois      #.........   100%        6    #######
 Freezing Cloud           Conj/Ice/Air   #.........   100%        6    #######
 Hydra Form               Tmut           #.........   100%        6    #######
 Invisibility             Hex            #.......     100%        6    #######
 Iron Shot                Conj/Erth      #.........   100%        6    #######
 Ozocubu's Refrigeration  Ice            #.........   100%        6    #######
 Shadow Creatures         Summ           N/A          100%        6    #######
 Simulacrum               Ice/Necr       #.........   100%        6    #######
 Starburst                Conj/Fire      #.........   100%        6    #######
 Dragon Form              Tmut           #.........   100%        7    #######
 Haunt                    Necr/Summ      #.........   100%        7    #######
 Malign Gateway           Summ/Tloc      ####......   100%        7    #######
 Monstrous Menagerie      Summ           #.........   100%        7    #######
 Orb of Destruction       Conj           #.........   100%        7    #######
 Ring of Flames           Chrm/Fire      #.........   100%        7    #######
 Spellforged Servitor     Conj/Summ      #.........   100%        7    #######
 Summon Greater Demon     Summ           #.........   100%        7    #######
 Summon Hydra             Summ           #.........   100%        7    #######
 Borgnjor's Revivificati  Necr           #.........   100%        8    #######
 Chain Lightning          Conj/Air       #.........   100%        8    #######
 Death's Door             Chrm/Necr      #.........   100%        8    #######
 Discord                  Hex            #.........   100%        8    #######
 Ignition                 Fire           #.........   100%        8    #######
 Infestation              Necr           #.........   100%        8    #######
 Lehudib's Crystal Spear  Conj/Erth      #.........   100%        8    #######
 Necromutation            Tmut/Necr      #.........   100%        8    #######
 Summon Horrible Things   Summ           #.........   100%        8    #######
 Absolute Zero            Ice            #.........   100%        9    #######
 Dragon's Call            Summ           #.........   100%        9    #######
 Fire Storm               Conj/Fire      #.........   100%        9    #######
 Shatter                  Erth           #.........   100%        9    #######
 Tornado                  Air            #.........   100%        9    #######
 Passage of Golubria      Tloc           Unusable     N/A         4    N/A
 Sublimation of Blood     Necr           Unusable     N/A         2    N/A
 Statue Form              Tmut/Erth      Unusable     N/A         6    N/A

Dungeon Overview and Level Annotations

Branches:
Dungeon (15/15)            Temple (1/1) D:4            Lair (6/6) D:8
 Shoals (4/4) Lair:2        Snake (4/4) Lair:3        Slime (5/5) Lair:5
    Orc (2/2) D:9             Elf (3/3) Orc:2        Vaults (5/5) D:13
  Crypt (3/3) Vaults:2       Tomb (3/3) Crypt:3      Depths (5/5) D:15
   Hell (visited)             Dis (7/7) Hell            Geh (7/7) Hell
    Coc (7/7) Hell            Tar (7/7) Hell            Zot (5/5) Depths:5
 Bailey (visited)          WizLab (visited)         Gauntlet (visited)

Altars:
Ashenzari
Cheibriados
Dithmenos
Elyvilon
Fedhas
Hepliaklqana
Kikubaaqudgha
Makhleb
Nemelex Xobeh
Okawaru
Qazlal
Ru
Sif Muna
Trog
Uskayaw
Vehumet
Wu Jian
Xom
Yredelemnul
Zin
The Shining One
Jiyva

Shops:
D:6 :   D:7 (   D:8 :   D:10 [   Orc:2 !(((   Elf:2 =   Elf:3 %   Shoals:3 *[
Snake:2 ==   Vaults:2 =   Vaults:3 **!(   Vaults:5 !%!   Depths:1 =}=
Depths:4 !

Portals:
Hell: Depths:1 Depths:2 Depths:3 Depths:4 Depths:5
Abyss: Depths:2 Depths:3 Depths:4
Pandemonium: Depths:3
Ziggurat: Depths:5

Annotations:
D:3 1 runed translucent door, Sickboy's ghost, amateur MiFi
Lair:5 exclusion: 3 oklob plants
Shoals:4 1 runed translucent door
Depths:2 1 runed translucent door, Kagalorn's ghost, veteran HaIE


Innate Abilities, Weirdness & Mutations

You are resistant to torment.
Your stone body is resilient. (AC +20)
You are immune to poison.
Your large and strong wings let you fly indefinitely.
You resist negative energy. (rN+)
You are resistant to electric shocks. (rElec)
You can survive without breathing.
You are immune to petrification.
You are immune to rotting.
You have sharp fingernails.
You can translocate small distances at will.
You are dopey. (Int -2)
Your muscles are strong. (Str +2)
Your spells are a little harder to cast, but a little more powerful.
You evolve.


Message History

(P) Snake Pit (M) Slime Pits (O) Orcish Mines (E) Elven Halls (V) Vaults (C) Crypt (W) Tomb (U) Depths (H) Hell (I) Dis (G) Gehenna (X) Cocytus (Y) Tartarus (Z) Zot
Where to? (Enter - D:1 @ (x,y), ? - help)
An efreet comes into view.
It is wielding a +1 scimitar of flaming.
You stick the efreet like a pincushion!!!
You kill the efreet!
The Shining One accepts your kill.
No target in view!
No target in view!
(D) Dungeon (T) Temple (L) Lair (A) Shoals (P) Snake Pit (M) Slime Pits (O) Orcish Mines (E) Elven Halls (V) Vaults (C) Crypt (W) Tomb (U) Depths (H) Hell (I) Dis (G) Gehenna (X) Cocytus (Y) Tartarus (Z) Zot
Where to? (Enter - D:1 @ (x,y), ? - help)
There is an open door here.
There is a staircase leading out of the dungeon here.
You have escaped!

#.............#####.....###..#..
#...............####..#.####.#..
#..........###.......>...###....
#..........# ##...###.......#.).
#......#.######'####.##..(...().
#......#.###.......#.#####......
#..........#.8.8.8.#.### ####...
#..........#.......#...### #...
###.##÷...[+.8.@.8.'.....#####..
#.##.....#.......#####........
#..##....#.8.8.8.# #..###...
##.##.####.......# ##÷# #...
#.......####'#### #.###...
###.###.####.#########...#.).
#.# #.............####.....
####.###############........#.
#........# ########.##


There were no monsters in sight!

Vanquished Creatures
  Cerebov (Pan)
  Antaeus (Coc:7)
  the Royal Jelly (Slime:5)
  Asmodeus (Geh:7)
  Ereshkigal (Tar:7)
  Gloorx Vloq (Pan)
  Lom Lobon (Pan)
  the Serpent of Hell (Geh:7)
  Mnoleg (Pan)
  Dispater (Dis:7)
  24 ancient liches
  12 orbs of fire
  Mennas (Pan)
  A juggernaut (Depths:4)
  Sojobo (Depths:1)
  46 greater mummies
  20 pandemonium lords
  7 Killer Klowns
  Bai Suzhen (Crypt:1)
  12 shard shrikes
  A curse toe (Zot:3)
  Geryon (Hell)
  Jory (Depths:5)
  41 golden dragons
  8 pearl dragons (Zig:19)
  9 bone dragons
  Nikola (Vaults:2)
  3 profane servitors
  A mutant beast (WizLab)
  5 electric golems
  8 doom hounds
  15 Tzitzimimeh
  3 hellephants
  28 liches
  A shard shrike zombie (Crypt:1)
  6 iron giants (Dis:7)
  21 tentacled monstrosities
  24 Brimstone Fiends
  22 Ice Fiends
  The ghost of Lianjan the Warrior, an adept MiGl of Gozag (Shoals:3)
  15 Hell Sentinels
  Rupert (D:15)
  10 quicksilver dragons
  6 deep elf blademasters
  6 deep elf master archers
  Asterion (Depths:2)
  26 Orb Guardians
  37 titans
  Murray (Hell)
  Frances (D:14)
  27 acid blobs
  Polyphemus (Shoals:3)
  22 sphinxes
  22 Executioners
  A kraken (Shoals:4)
  6 death cobs
  A sphinx (shapeshifter) (Zig:25)
  27 tentacled starspawn
  A shadow dragon (shapeshifter) (Zig:25)
  17 ancient champions
  Kirke (D:14)
  21 shadow dragons
  12 storm dragons
  17 azure jellies
  Donald (Shoals:1)
  17 tengu reavers
  The ghost of releu the Warrior, an adept MfVM of Ru (Shoals:3)
  26 fire giants
  17 nagarajas
  13 draconian monks
  2 daevas
  5 revenants
  2 azure jellies (shapeshifter) (Zig:25)
  Louise (D:14)
  2 frost giants (shapeshifter) (Zig:25)
  14 iron dragons
  21 frost giants
  29 vault wardens
  7 draconian knights
  8 deep elf sorcerers
  9 draconian scorchers
  3 warmongers
  5 corrupters
  3 ghost moths
  6 deep elf elementalists
  37 balrugs
  A caustic shrike zombie (Zig:21)
  9 angels
  2 juggernaut zombies
  22 ghouls
  7 curse skulls
  5 draconian shifters
  18 cacodemons
  11 draconian annihilators
  An emperor scorpion (Zig:11)
  34 very ugly things
  15 vampire knights
  8 spriggan defenders
  61 reapers
  30 ironheart preservers
  A juggernaut skeleton (Zig:13)
  4 apis (Zig:19)
  3 elemental wellsprings
  2 ophanim
  12 war gargoyles
  5 blood saints
  2 draconian stormcallers
  32 stone giants
  A minotaur (shapeshifter) (Zig:26)
  2 caustic shrike skeletons
  11 green draconians
  10 entropy weavers
  12 deep elf annihilators
  Nessos (D:14)
  4 black suns
  14 bennus
  10 deep elf demonologists
  12 red draconians
  The ghost of Nyzic the Grappler, a journeyman TrMo (Lair:4)
  A dire elephant (Abyss:1)
  11 purple draconians
  11 black draconians
  10 yellow draconians
  A spectral titan (Crypt:3)
  A dire elephant (shapeshifter) (Zig:25)
  5 lorocyprocas
  11 spark wasps
  A minotaur (Gauntlet)
  30 blizzard demons
  7 merfolk javelineers
  20 white draconians
  17 ettins
  41 green deaths
  6 deep elf high priests
  The ghost of Oxzoixat the Spear-Bearer, a journeyman FoFi of Zin (D:9)
  4 eidola
  9 death oozes
  16 deep elf death magi
  19 jiangshi
  10 fire dragons
  9 merfolk impalers
  56 mummy priests
  7 quicksilver dragon zombies
  18 great orbs of eyes
  Josephine (D:10)
  29 yaktaur captains
  5 quicksilver dragon skeletons
  A caustic shrike simulacrum (Depths:1)
  9 rakshasas
  7 monstrous demonspawn (Pan)
  37 vault guards
  28 ice dragons
  2 catoblepae
  10 hydras
  A spectral shadow dragon (Crypt:3)
  7 spriggan air magi
  2 hell beasts
  Erica (Orc:1)
  The ghost of temitten the Cleaver, a journeyman GnWn of Hepliaklqana (D:11)
  9 centaur warriors
  22 naga warriors
  2 merfolk avatars
  7 shambling mangroves
  25 ogre magi
  9 death knights
  16 vampire magi
  A satyr (Shoals:4)
  7 merfolk aquamancers
  2 alligator snapping turtles
  12 anacondas
  54 two-headed ogres
  27 dancing weapons
  2 alligators (Zig:20)
  14 deep troll earth magi
  59 death scarabs
  An orc high priest (Elf:3)
  2 tengu warriors
  27 hell hogs
  10 deep troll shamans
  6 death yaks
  33 thrashing horrors
  19 naga sharpshooters
  3 queen ants (shapeshifter)
  10 titan zombies
  4 spriggan berserkers
  36 sun demons
  A spectral dire elephant (Crypt:3)
  9 shock serpents
  3 iron golems
  21 soul eaters
  A shock serpent (shapeshifter) (Zig:22)
  5 storm dragon zombies
  24 wretched stars
  21 shadow wraiths
  140 skeletal warriors
  17 anaconda zombies
  40 deep elf knights
  7 titan skeletons
  7 iron trolls
  An iron troll (shapeshifter) (Zig:25)
  2 golden dragon zombies
  6 spatial maelstroms
  19 swamp dragons
  16 sixfirhies
  22 hell knights
  An unseen horror (shapeshifter) (WizLab)
  51 deep trolls
  3 fire crabs (shapeshifter)
  4 spriggan druids (Zig:20)
  2 death drakes (shapeshifter)
  9 sea snakes
  5 storm dragon skeletons
  2 spark wasp zombies
  A glowing orange brain (shapeshifter) (Zig:25)
  7 salamander mystics
  A cherub (Zig:19)
  6 gelid demonspawn (Pan)
  A deep troll (shapeshifter) (Vaults:5)
  18 shadow demons
  3 infernal demonspawn (Pan)
  6 unseen horrors
  78 large abominations
  8 glowing orange brains
  2 swamp dragons (shapeshifter)
  A ghost moth zombie (Coc:6)
  2 torturous demonspawn (Pan)
  22 wizards
  23 death drakes
  2 kraken simulacra
  5 orange crystal statues
  18 flayed ghosts
  14 naga ritualists
  4 lindwurms
  34 phantasmal warriors
  5 anaconda skeletons
  20 harpies
  3 lindwurms (shapeshifter)
  37 deep elf archers
  4 golden dragon skeletons
  20 orc knights
  7 wolf spider zombies
  A tengu zombie (Zig:24)
  21 ironbrand convokers
  2 shadow dragon zombies
  50 ugly things
  19 necromancers
  An orb spider (shapeshifter) (WizLab)
  2 harpies (shapeshifter)
  11 frost giant zombies
  5 shadow dragon skeletons
  5 stone giant zombies
  9 mana vipers
  A sphinx zombie (Zig:15)
  5 orb spiders
  13 cyclopes
  Pikel (D:7)
  5 iron dragon zombies
  2 cyclopes (shapeshifter)
  14 manticores
  14 fauns
  2 oklob plants (Lair:5)
  7 wolf spiders
  A salamander (shapeshifter) (WizLab)
  3 orc sorcerers
  98 deep elf magi
  A spectral ice dragon (Crypt:3)
  A tengu skeleton (Zig:24)
  9 fire giant zombies
  9 shining eyes
  2 manticores (shapeshifter)
  4 iron dragon skeletons
  3 fire giant skeletons
  An elephant (shapeshifter) (Depths:4)
  2 sphinx skeletons
  18 salamanders
  2 worldbinders
  25 moths of wrath
  7 frost giant skeletons
  2 dire elephant zombies
  A guardian serpent (shapeshifter) (Elf:1)
  51 rust devils
  40 smoke demons
  9 merfolk sirens
  2 human skeletons
  30 vault sentinels
  3 elephants (Lair:5)
  34 naga magi
  7 water nymphs
  2 shock serpent zombies
  3 eyes of devastation
  2 black mambas (shapeshifter)
  51 black mambas
  9 guardian serpents
  A titan simulacrum (Coc:3)
  13 molten gargoyles
  3 ice statues
  6 apocalypse crabs
  4 storm dragon simulacra (Coc:7)
  6 gargoyles
  10 stone giant skeletons
  30 spiny frogs
  5 spectral swamp worms (Depths:2)
  2 torpor snails (shapeshifter)
  19 orange demons
  2 shock serpent skeletons
  8 dire elephant skeletons
  60 yaktaurs
  30 hellions
  2 torpor snails
  56 freezing wraiths
  2 kobold demonologists
  A rime drake (Lair:4)
  A yaktaur (shapeshifter) (Vaults:1)
  49 tormentors
  3 catoblepas zombies
  5 komodo dragons
  2 komodo dragons (shapeshifter)
  4 minotaur zombies
  A harpy zombie (Tar:2)
  A redback zombie (Crypt:3)
  2 rime drakes (shapeshifter)
  17 efreet
  11 demonic crawlers
  3 anaconda simulacra
  39 ice devils
  18 ancient zymes
  A catoblepas skeleton (Tar:2)
  34 red devils
  13 hellwings
  A troll (shapeshifter) (WizLab)
  14 trolls
  20 hydra zombies
  4 tengu conjurers
  A queen bee (shapeshifter) (WizLab)
  3 silent spectres
  62 guardian mummies
  A jumping spider (shapeshifter) (Elf:1)
  A merfolk (shapeshifter) (Zig:25)
  A grey draconian skeleton (Crypt:3)
  A yaktaur skeleton (Vaults:1)
  2 jumping spiders (Zig:11)
  7 polar bears
  2 wind drakes (shapeshifter) (WizLab)
  3 meliai (D:15)
  A polar bear (shapeshifter) (Vaults:2)
  A meliai (shapeshifter) (D:13)
  9 wind drakes
  3 raiju (shapeshifter)
  6 snapping turtles
  A tyrant leech (shapeshifter) (Zig:26)
  A hornet (shapeshifter) (WizLab)
  20 merfolk
  10 tyrant leeches
  17 hornets
  3 bog bodies (Zig:20)
  A spectral swamp dragon (Crypt:3)
  29 blink frogs
  9 hydra skeletons
  2 harpy skeletons
  A tengu simulacrum (Vaults:4)
  6 ettin zombies
  10 alligator zombies
  2 hippogriffs (shapeshifter)
  6 ice dragon zombies
  19 raiju
  A sphinx simulacrum (Zig:13)
  78 slime creatures
  9 hippogriffs
  5 fire dragon zombies
  19 dream sheep
  A frost giant simulacrum (Vaults:3)
  A slime creature (shapeshifter) (Zig:25)
  A fire giant simulacrum (Vaults:5)
  9 ice dragon skeletons
  7 fire dragon skeletons
  22 ynoxinuls
  42 wraiths
  161 flying skulls
  65 shadows
  7 redbacks
  3 alligator skeletons (Coc:7)
  A tarantella (Vaults:5)
  2 redbacks (shapeshifter) (Zig:25)
  6 air elementals
  A black mamba zombie (Coc:7)
  7 ettin skeletons
  2 spriggans
  44 ushabtiu
  35 water elementals
  4 basilisks
  3 wyverns
  41 small abominations
  4 black mamba skeletons
  A fire bat (Abyss:3)
  13 golden eyes
  49 yaks
  12 hungry ghosts
  A hog (shapeshifter) (Zig:25)
  23 fire elementals
  31 neqoxecs
  3 golden eyes (shapeshifter) (WizLab)
  2 basilisks (shapeshifter)
  9 chaos spawn
  2 steam dragons (shapeshifter)
  2 steam dragons
  A tyrant leech zombie (Crypt:3)
  3 spatial vortices
  18 vampire mosquitoes
  2 insubstantial wisps
  A deep troll zombie (Crypt:1)
  59 nagas
  5 wargs
  A naga (shapeshifter) (D:15)
  A swamp worm (Zig:17)
  A spectral snapping turtle (Crypt:3)
  7 hydra simulacra
  4 acid dragons
  59 hell hounds
  2 soldier ants (shapeshifter) (WizLab)
  4 floating eyes (WizLab)
  9 porcupines
  21 water moccasins
  9 spiny frog zombies
  A gelid demonspawn skeleton (Tar:2)
  A hornet zombie (D:15)
  37 orc warriors
  6 ice beasts
  5 spiny frog skeletons
  8 swamp drakes
  7 black bears
  5 sky beasts
  2 manticore zombies
  5 human zombies
  A fire dragon simulacrum (Coc:2)
  2 ogres (shapeshifter) (WizLab)
  9 phantoms
  3 snapping turtle zombies
  5 boggarts
  An eye of draining (shapeshifter) (Vaults:3)
  4 swamp dragon zombies
  18 necrophages
  14 eyes of draining
  82 starcursed masses
  16 wolves
  60 ogres
  23 centaurs
  4 swamp dragon skeletons
  9 crocodiles
  8 elf skeletons
  6 big kobolds
  8 elf zombies
  A komodo dragon zombie (Crypt:1)
  A gnoll sergeant (D:10)
  11 earth elementals
  A rime drake skeleton (Crypt:1)
  28 bullfrogs
  An ogre simulacrum (Vaults:1)
  A salamander skeleton (Crypt:2)
  4 wyvern skeletons
  A cyclops skeleton (Crypt:3)
  7 scorpions
  4 killer bees (D:9)
  3 spriggan zombies
  An elf simulacrum (Vaults:4)
  A troll zombie (Tar:7)
  81 wights
  A polar bear skeleton (Crypt:1)
  A spriggan skeleton (Crypt:1)
  4 electric eels
  4 howler monkeys
  A bullfrog zombie (D:10)
  3 jellies
  10 hounds
  2 human simulacra
  5 quasits
  5 centaur zombies
  21 crimson imps
  39 iron imps
  20 orc priests
  29 orc wizards
  A bullfrog skeleton (D:12)
  6 centaur skeletons
  A demonspawn skeleton (Crypt:1)
  3 iguanas
  Ijyb (D:3)
  Terence (D:3)
  5 worker ants
  An acid dragon zombie (Crypt:3)
  A big kobold zombie (Crypt:1)
  2 naga skeletons
  An ogre skeleton (Dis:3)
  A crocodile skeleton (Crypt:3)
  3 hound zombies
  119 mummies
  A worker ant zombie (D:7)
  8 gnolls
  14 adders
  A swamp drake zombie (Crypt:2)
  12 shadow imps
  29 white imps
  3 oozes
  2 adder zombies
  4 ball lightnings (Pan)
  A dart slug (D:3)
  2 worms
  7 leopard geckos
  116 orcs
  4 ball pythons
  6 giant cockroaches
  2 gnoll zombies (D:6)
  17 goblins
  13 hobgoblins
  11 jackals
  6 quokkas
  4 bats
  4 frilled lizards
  A giant cockroach zombie (Crypt:3)
  A jackal skeleton (Crypt:2)
  19 kobolds
  A kobold skeleton (Crypt:2)
  A leopard gecko skeleton (D:6)
  An orc zombie (Dis:3)
  4 quokka zombies
  6 rats
  A rat skeleton (Crypt:2)
  A lurking horror (Abyss:4)
  22 starspawn tentacles
  4 tentacles
6298 creatures vanquished.

Vanquished Creatures (collateral kills)
  A death ooze (Slime:5)
  A green death (Zig:27)
  A hydra (Zig:27)
  3 death drakes (Zig:27)
  4 hornets (Zig:27)
  An ushabti (Tomb:3)
11 creatures vanquished.

Vanquished Creatures (others)
  2 golden dragons
  A deep elf master archer (Slime:1)
  An eldritch tentacle (Pan)
  A frost giant (Slime:2)
  2 fire giants
  A draconian scorcher (Zig:17)
  An elemental wellspring (Coc:7)
  A stone giant (Slime:2)
  A deep elf demonologist (Elf:2)
  A purple draconian (Depths:5)
  A rakshasa (Pan)
  A hell beast (Hell)
  A deep troll earth mage (Depths:1)
  2 hell hogs (Geh:7)
  A naga sharpshooter (Zig:18)
  An iron troll (Hell)
  A deep elf knight (Vaults:3)
  A salamander mystic (Zig:18)
  A death drake (Zig:27)
  An unseen horror (Vaults:1)
  An infernal demonspawn (Pan)
  A glowing orange brain (Pan)
  A deep elf mage (Elf:2)
  2 smoke demons
  A naga mage (Snake:4)
  A hellion (Hell)
  A tengu conjurer (Depths:1)
  A demonic crawler (Zig:14)
  A blink frog (shapeshifter) (Depths:2)
  3 flying skulls
  3 humans (D:14)
  A fire elemental (Hell)
  An acid dragon (Zig:10)
  A hell hound (Geh:6)
  A swamp drake (Zig:10)
  2 slaves (D:7)
  A boggart (Depths:1)
  A big kobold (D:7)
  6 wights
  A crimson imp (Hell)
  A starcursed mass (Abyss:4)
  An iron imp (Dis:7)
  2 small abominations (WizLab)
  A worker ant zombie (D:7)
  A white imp (Abyss:4)
  5 ball lightnings (Pan)
  An orc (D:7)
  5 kobolds (D:7)
  9 fungi
  3 lurking horrors
  42 plants
  51 starspawn tentacles
  10 tentacles
  A withered plant (Shoals:3)
187 creatures vanquished.

Grand Total: 6496 creatures vanquished

Notes
Turn   | Place    | Note
-------+----------+-------------------------------------------
     0 | D:1      | Froggeryz the Gargoyle Gladiator began the quest for the
                  | Orb.
     0 | D:1      | Reached XP level 1. HP: 12/12 MP: 1/1
   223 | D:1      | Reached XP level 2. HP: 17/17 MP: 2/2
   386 | D:1      | Reached skill level 1 in Armour
   605 | D:2      | Reached XP level 3. HP: 20/21 MP: 3/3
  1333 | D:3      | Noticed Terence
  1345 | D:3      | Killed Terence
  1345 | D:3      | Reached XP level 4. HP: 17/26 MP: 4/4
  2005 | D:3      | Reached XP level 5. HP: 30/30 MP: 5/5
  2030 | D:3      | Reached skill level 5 in Maces & Flails
  2032 | D:3      | HP: 1/30 [gnoll/+0 spear (4)]
  2533 | D:3      | Found a runed translucent door.
  2533 | D:3      | Noticed Sickboy's ghost (amateur MiFi)
  2560 | D:3      | Noticed Ijyb
  2576 | D:3      | Killed Ijyb
  2576 | D:3      | Reached XP level 6. HP: 35/35 MP: 6/6
  2677 | D:4      | Found a staircase to the Ecumenical Temple.
  2857 | D:4      | Found an ornate altar of the Wu Jian Council.
  3159 | Temple   | Entered the Ecumenical Temple
  3356 | Temple   | Became a worshipper of Warmaster Okawaru
  3879 | D:5      | Entered Level 5 of the Dungeon
  3885 | D:5      | Reached skill level 1 in Shields
  3885 | D:5      | Reached XP level 7. HP: 37/40 MP: 7/7
  4945 | D:5      | Reached * piety under Okawaru
  5146 | D:5      | Reached XP level 8. HP: 21/44 MP: 8/8
  5473 | D:5      | Got an ichor-stained ring mail
  5484 | D:5      | Identified the +2 ring mail of Words of Power {Str+4 Int+5}
                  | (You found it on level 5 of the Dungeon)
  5890 | D:6      | Found a basalt altar of Yredelemnul.
  5965 | D:6      | Found a shadowy altar of Dithmenos.
  6156 | D:6      | Reached ** piety under Okawaru
  6186 | D:6      | Found Hootem's Book Shoppe.
  6789 | D:7      | Noticed Pikel
  6823 | D:7      | Killed Pikel
  6823 | D:7      | Reached *** piety under Okawaru
  6823 | D:7      | Reached skill level 5 in Shields
  6823 | D:7      | Reached XP level 9. HP: 35/48 MP: 9/9
  6907 | D:7      | Reached skill level 10 in Maces & Flails
  6932 | D:7      | Found Exoeluna's Weapon Boutique.
  6984 | D:7      | Reached **** piety under Okawaru
  7333 | D:8      | Found a staircase to the Lair.
  7492 | D:8      | Found a shimmering altar of Xom.
  7544 | D:8      | Found Syuxuu Ucos's Book Emporium.
  7579 | D:8      | Reached ***** piety under Okawaru
  7983 | D:9      | Reached XP level 10. HP: 50/53 MP: 10/10
  8052 | D:9      | Found a flagged portal.
  8058 | Bailey   | Entered a bailey
  8475 | Bailey   | Noticed an orc knight
  8607 | Bailey   | Received a gift from Okawaru
  8635 | Bailey   | Killed an orc knight
  9507 | Lair:1   | Entered Level 1 of the Lair of Beasts
  9890 | Lair:1   | Received a gift from Okawaru
  9909 | Lair:1   | Noticed a five-headed hydra
  9916 | Lair:1   | Killed a five-headed hydra
  9916 | Lair:1   | Reached XP level 11. HP: 53/57 MP: 8/11
  9952 | Lair:1   | Noticed a six-headed hydra
  9964 | Lair:1   | Killed a six-headed hydra
  9964 | Lair:1   | Reached ****** piety under Okawaru
 10168 | Lair:1   | Received a gift from Okawaru
 10335 | Lair:1   | Found a glowing golden altar of the Shining One.
 10669 | Lair:1   | Reached skill level 10 in Shields
 11429 | Lair:2   | Received a gift from Okawaru
 11866 | Lair:2   | Found a staircase to the Shoals.
 12425 | Lair:3   | Reached skill level 15 in Maces & Flails
 12425 | Lair:3   | Reached XP level 12. HP: 62/62 MP: 12/12
 12430 | Lair:3   | Found a staircase to the Snake Pit.
 13559 | Lair:4   | Found a runed translucent door.
 13795 | Lair:4   | Received a gift from Okawaru
 14022 | Lair:4   | Received a gift from Okawaru
 14669 | Lair:4   | Found a shimmering altar of Xom.
 14669 | Lair:4   | Noticed Nyzic's ghost (journeyman TrMo)
 15045 | Lair:5   | Reached XP level 13. HP: 66/66 MP: 13/13
 15492 | Lair:5   | Identified the Reference Book on Bewitchment
 15574 | Lair:5   | Received a gift from Okawaru
 15906 | Lair:5   | Reached skill level 5 in Fighting
 15948 | Lair:5   | Found a staircase to the Slime Pits.
 16101 | Lair:5   | Received a gift from Okawaru
 16650 | Lair:6   | Entered Level 6 of the Lair of Beasts
 17132 | Lair:6   | Received a gift from Okawaru
 17804 | Lair:6   | Gained mutation: Your large and strong wings let you fly
                  | indefinitely. [Gargoyle growth]
 17804 | Lair:6   | Reached XP level 14. HP: 42/86 MP: 14/14
 18108 | Lair:6   | Received a gift from Okawaru
 18352 | Lair:6   | Reached skill level 10 in Fighting
 18363 | Lair:6   | Got a glittering bone ring
 18375 | Lair:6   | Got a brightly glowing ivory ring
 18760 | Lair:6   | Identified the ring "Foelitam" {rPois rF+ Str+4} (You found
                  | it on level 6 of the Lair of Beasts)
 18762 | Lair:6   | Identified the ring "Luelude" {rF- rC+ rN+ Str+2 Slay+2}
                  | (You found it on level 6 of the Lair of Beasts)
 18888 | Lair:4   | Killed Nyzic's ghost
 19187 | D:9      | Found a runed translucent door.
 19187 | D:9      | Noticed Oxzoixat's ghost (journeyman FoFi)
 19193 | D:9      | Found a shattered altar of Ashenzari.
 19277 | D:9      | Found a staircase to the Orcish Mines.
 19455 | D:9      | Found a snail-covered altar of Cheibriados.
 19455 | D:9      | Found a shimmering blue altar of Sif Muna.
 19460 | D:9      | Found a faded altar of an unknown god.
 19469 | D:9      | Got a brightly glowing mace
 19479 | D:9      | Found a burning altar of Makhleb.
 19480 | D:9      | Found a faded altar of an unknown god.
 19663 | D:9      | Identified the cursed +0 mace of the Priest {drain, *Noise
                  | rElec rF+ Dex+2} (You found it on level 9 of the Dungeon)
 19701 | D:9      | Killed Oxzoixat's ghost
 19739 | Orc:1    | Entered Level 1 of the Orcish Mines
 20179 | Orc:2    | Entered Level 2 of the Orcish Mines
 20413 | Orc:1    | Reached skill level 1 in Invocations
 20499 | Orc:2    | Noticed a stone giant
 20514 | Orc:2    | Killed a stone giant
 20527 | Orc:2    | Received a gift from Okawaru
 20836 | Orc:2    | Received a gift from Okawaru
 21465 | Orc:2    | Found Ricylu's Weapon Emporium.
 21821 | Orc:2    | Found a staircase to the Elven Halls.
 21836 | Orc:2    | Found Wusod's Weapon Shop.
 21863 | Orc:2    | Received a gift from Okawaru
 21863 | Orc:2    | Reached XP level 15. HP: 80/97 MP: 18/18
 21874 | Orc:2    | Found Appemeji's Antique Weapon Shoppe.
 21876 | Orc:2    | Found Pailer's Distillery.
 22174 | Orc:2    | Bought a potion of haste for 160 gold pieces
 22191 | Orc:2    | Got an ancient demon whip {god gift}
 22192 | Orc:2    | Identified the +11 demon whip of Recklessness {freeze,
                  | rPois} (Okawaru gifted it to you on level 2 of the Orcish
                  | Mines)
 22543 | Orc:1    | Noticed Erica
 22569 | Orc:1    | Killed Erica
 22818 | D:10     | Entered Level 10 of the Dungeon
 22831 | D:10     | Learned a level 1 spell: Apportation
 22834 | D:10     | Noticed Josephine
 22842 | D:10     | Killed Josephine
 22842 | D:10     | Reached skill level 5 in Invocations
 23026 | D:10     | Received a gift from Okawaru
 23027 | D:10     | Got a crude demon blade {god gift}
 23103 | D:10     | Found Vaap's Armour Emporium.
 23123 | D:10     | Bought a +0 pair of boots of running for 472 gold pieces
 24038 | D:11     | Reached skill level 15 in Shields
 24159 | D:11     | Found a runed translucent door.
 24163 | D:11     | Noticed temitten's ghost (journeyman GnWn)
 24174 | D:11     | Killed temitten's ghost
 24292 | D:12     | Received a gift from Okawaru
 25124 | D:13     | Found a huge runed translucent gate.
 25125 | D:13     | Found a huge runed translucent gate.
 25125 | D:13     | Found a huge runed translucent gate.
 25134 | D:13     | Found a gate leading to a gauntlet.
 25147 | Gauntlet | Entered a Gauntlet
 25147 | Gauntlet | Found a transporter.
 25150 | Gauntlet | Found a transporter.
 25151 | Gauntlet | Found the ring of Shadows {Umbra +Inv Stlth+}
 25152 | Gauntlet | Found a transporter.
 25161 | Gauntlet | Found a transporter.
 25163 | Gauntlet | Found a transporter.
 25167 | Gauntlet | Found a runed translucent door.
 25169 | Gauntlet | Found a runed translucent door.
 25171 | Gauntlet | Found a transporter.
 25193 | Gauntlet | Found a transporter.
 25203 | Gauntlet | Found a transporter.
 25213 | Gauntlet | Found a transporter.
 25233 | Gauntlet | Found a transporter.
 25242 | Gauntlet | Found a transporter.
 25245 | Gauntlet | Found a transporter.
 25303 | Gauntlet | Found a transporter.
 25425 | Gauntlet | Got a sparkling bone ring
 25426 | Gauntlet | Identified the ring "Midotero" {*Slow +Blink +Inv Str+6
                  | Dex+5} (You found it in a Gauntlet)
 25467 | Gauntlet | Got a wavering granite ring
 25474 | Gauntlet | Identified the ring "Emaopp" {+Blink rC+ Dex+5} (You found
                  | it in a Gauntlet)
 25578 | D:13     | Found a huge runed translucent gate.
 25633 | D:13     | Received a gift from Okawaru
 25924 | D:13     | Reached skill level 1 in Translocations
 25938 | D:13     | Received a gift from Okawaru
 25938 | D:13     | Reached XP level 16. HP: 95/103 MP: 11/20
 26113 | D:13     | Found a gate to the Vaults.
 26472 | D:14     | Noticed Louise
 26485 | D:14     | Killed Louise
 26510 | D:14     | Found a sacrificial altar of Ru.
 26664 | D:14     | Noticed Kirke
 26676 | D:14     | Killed Kirke
 26676 | D:14     | Reached skill level 5 in Armour
 26829 | D:14     | Noticed Nessos
 26836 | D:14     | Killed Nessos
 26836 | D:14     | Received a gift from Okawaru
 27018 | D:14     | Noticed Frances
 27030 | D:14     | Killed Frances
 27419 | D:15     | Entered Level 15 of the Dungeon
 27467 | D:15     | Received a gift from Okawaru
 27613 | D:15     | Reached skill level 5 in Translocations
 27802 | D:15     | Received a gift from Okawaru
 27842 | D:15     | Noticed Rupert
 27850 | D:15     | Killed Rupert
 27955 | D:15     | Found a glowing silver altar of Zin.
 28093 | D:15     | Found a staircase to the Depths.
 28394 | Snake:1  | Entered Level 1 of the Snake Pit
 28995 | Snake:1  | You are sucked into a shaft and drop 1 floor!
 29025 | Snake:2  | Noticed a nagaraja
 29047 | Snake:2  | Killed a nagaraja
 29244 | Snake:2  | Noticed a nagaraja
 29269 | Snake:2  | Killed a nagaraja
 29269 | Snake:2  | Reached XP level 17. HP: 108/108 MP: 23/23
 29308 | Snake:2  | Received a gift from Okawaru
 29695 | Snake:2  | Found Lutax's Jewellery Emporium.
 29695 | Snake:2  | Found Pach's Jewellery Shoppe.
 29766 | Snake:2  | Reached skill level 10 in Armour
 29775 | Snake:2  | Received a gift from Okawaru
 30034 | Snake:2  | Bought an uncursed amulet of reflection for 300 gold pieces
 30081 | Snake:2  | Bought the ring of the Greedy {MR+ EV+4 Stlth+} for 925
                  | gold pieces
 30266 | Snake:2  | Identified the ring of Tohampoq {rN+ Int+3 Dex+6 Stlth+}
 30662 | Snake:3  | Reached skill level 10 in Invocations
 31403 | Snake:3  | Received a gift from Okawaru
 31482 | Snake:4  | Entered Level 4 of the Snake Pit
 31842 | Snake:4  | Reached XP level 18. HP: 99/113 MP: 25/27
 32615 | Snake:4  | Got a serpentine rune of Zot
 33108 | Shoals:1 | Entered Level 1 of the Shoals
 33114 | Shoals:1 | Received a gift from Okawaru
 33151 | Shoals:1 | Noticed Donald
 33175 | Shoals:1 | Killed Donald
 34146 | Shoals:2 | Identified the +1 pair of gloves of the Blind Marksman
                  | {rF+} (You found it on level 2 of the Shoals)
 34250 | Shoals:2 | Received a gift from Okawaru
 34251 | Shoals:2 | Identified the +1 kite shield of Okawaru's Supremacy {rElec
                  | rN+} (Okawaru gifted it to you on level 2 of the Shoals)
 34454 | Shoals:2 | Identified the +1 helmet of the Bulwark {Regen+ Int+2
                  | Stlth+} (You found it on level 2 of the Shoals)
 34958 | Shoals:3 | Reached skill level 5 in Throwing
 35244 | Shoals:3 | Found Teamir's General Store.
 35246 | Shoals:3 | Noticed Polyphemus
 35274 | Shoals:3 | Reached XP level 19. HP: 120/120 MP: 30/30
 35288 | Shoals:3 | Killed Polyphemus
 35327 | Shoals:3 | Bought a scroll of enchant weapon for 105 gold pieces
 35466 | Shoals:3 | Found a runed translucent gate.
 35466 | Shoals:3 | Found a runed translucent gate.
 35467 | Shoals:3 | Found a runed translucent gate.
 35472 | Shoals:3 | Noticed Lianjan's ghost (adept MiGl)
 35472 | Shoals:3 | Noticed releu's ghost (adept MfVM)
 35523 | Shoals:3 | Killed Lianjan's ghost
 35527 | Shoals:3 | Killed releu's ghost
 35828 | Shoals:4 | Entered Level 4 of the Shoals
 36005 | Shoals:4 | Found a runed translucent door.
 36261 | Shoals:4 | Got a barnacled rune of Zot
 36284 | Shoals:4 | Identified a scroll of acquirement
 36506 | Shoals:4 | Received a gift from Okawaru
 36987 | Shoals:4 | Reached skill level 1 in Evocations
 37622 | Vaults:1 | Entered Level 1 of the Vaults
 37758 | Vaults:1 | Received a gift from Okawaru
 37945 | Vaults:1 | Noticed a lich
 37946 | Vaults:1 | Noticed a lich
 37956 | Vaults:1 | Killed a lich
 37969 | Vaults:1 | Killed a lich
 37997 | Vaults:1 | Received a gift from Okawaru
 37997 | Vaults:1 | Reached XP level 20. HP: 98/128 MP: 31/31
 38015 | Vaults:1 | Reached skill level 15 in Fighting
 38073 | Vaults:1 | Received a gift from Okawaru
 38299 | Vaults:1 | Got a shimmering copper ring
 38653 | Vaults:1 | Identified the ring "Tegavilove" {+Fly rPois rF+ Int-5
                  | Slay+6} (You found it on level 1 of the Vaults)
 38948 | Vaults:1 | Received a gift from Okawaru
 39405 | Vaults:2 | Found Kaocwikh's Jewellery Shop.
 39748 | Vaults:2 | Noticed Nikola
 39754 | Vaults:2 | Killed Nikola
 39986 | Vaults:2 | Received a gift from Okawaru
 39986 | Vaults:2 | Reached skill level 15 in Armour
 40029 | Vaults:2 | Received a gift from Okawaru
 40534 | Vaults:2 | Found a staircase to the Crypt.
 40840 | Vaults:2 | Reached XP level 21. HP: 137/137 MP: 32/32
 41273 | Vaults:3 | Reached skill level 10 in Translocations
 41464 | Vaults:3 | Found Kireurph's Distillery.
 41470 | Vaults:3 | Bought a potion of heal wounds for 105 gold pieces
 41470 | Vaults:3 | Bought a potion of haste for 210 gold pieces
 41651 | Vaults:3 | Received a gift from Okawaru
 41736 | Vaults:3 | Reached skill level 5 in Dodging
 41788 | Vaults:3 | Found Soxaeth's Food Shop.
 41882 | Vaults:3 | Found Negabb's Weapon Boutique.
 41971 | Vaults:3 | Found Vidot's General Store.
 41976 | Vaults:3 | Bought 2 potions of heal wounds for 210 gold pieces
 41976 | Vaults:3 | Bought a potion of might for 84 gold pieces
 41981 | Vaults:3 | Identified the +10 broad axe "Fealom" {venom, rPois}
 42304 | Vaults:3 | Found Luaras's Assorted Antiques.
 42312 | Vaults:3 | Bought a potion of mutation for 312 gold pieces
 42496 | Vaults:3 | Received a gift from Okawaru
 42724 | Vaults:3 | Received a gift from Okawaru
 42906 | Vaults:4 | Received a gift from Okawaru
 42907 | Vaults:4 | Found the +27 Lear's hauberk
 43030 | Vaults:4 | Reached XP level 22. HP: 99/146 MP: 33/33
 43134 | Vaults:4 | Reached skill level 1 in Spellcasting
 43595 | Vaults:4 | Received a gift from Okawaru
 44275 | Vaults:5 | Entered Level 5 of the Vaults
 44290 | Vaults:5 | Reached skill level 5 in Spellcasting
 44554 | Vaults:5 | Received a gift from Okawaru
 44554 | Vaults:5 | Received a gift from Okawaru
 44683 | Vaults:4 | Reached XP level 23. HP: 131/153 MP: 34/34
 44721 | Vaults:4 | Received a gift from Okawaru
 44722 | Vaults:4 | Found the +2 cloak of the Thief {+Fog Slay-2 SInv Stlth+}
 45149 | Vaults:5 | Noticed an ancient lich
 45157 | Vaults:5 | Killed an ancient lich
 45328 | Vaults:5 | Identified the +4 crystal plate armour of the Tanner {rF+}
                  | (You found it on level 5 of the Vaults)
 45568 | Vaults:5 | Received a gift from Okawaru
 45569 | Vaults:5 | Identified the +2 pair of boots of Penab {Str+5} (Okawaru
                  | gifted it to you on level 5 of the Vaults)
 46029 | Vaults:5 | Noticed an ancient lich
 46041 | Vaults:5 | Killed an ancient lich
 46204 | Vaults:5 | Identified Amun's Catalogue of Hexes
 46346 | Vaults:5 | Reached XP level 24. HP: 163/163 MP: 35/35
 46356 | Vaults:5 | Found Veoce's Distillery.
 46360 | Vaults:5 | Bought a potion of heal wounds for 80 gold pieces
 46360 | Vaults:5 | Bought a potion of heal wounds for 80 gold pieces
 46360 | Vaults:5 | Bought a potion of heal wounds for 80 gold pieces
 46360 | Vaults:5 | Bought a potion of might for 64 gold pieces
 46423 | Vaults:5 | Found Ximnen's Distillery.
 46427 | Vaults:5 | Bought a potion of heal wounds for 70 gold pieces
 46427 | Vaults:5 | Bought a potion of haste for 140 gold pieces
 46643 | Vaults:5 | Found Syentang's Food Shoppe.
 46659 | Vaults:5 | Got a silver rune of Zot
 47271 | Elf:1    | Entered Level 1 of the Elven Halls
 47713 | Elf:1    | Received a gift from Okawaru
 48658 | Elf:2    | Found Begiyha Goank's Jewellery Shop.
 48885 | Elf:2    | Found a runed translucent gate.
 48885 | Elf:2    | Found a runed translucent gate.
 48885 | Elf:2    | Found a runed translucent gate.
 49580 | Elf:3    | Entered Level 3 of the Elven Halls
 49600 | Elf:3    | Found an ancient bone altar of Kikubaaqudgha.
 49758 | Elf:3    | Received a gift from Okawaru
 49782 | Elf:3    | Found Unwuanoc's Food Shoppe.
 50023 | Elf:3    | Identified the +10 short sword "Bakufu" {flame, rF+ Dex+5}
 50023 | Elf:3    | Identified the ring of the Barnacle {Wiz rN+ MP+9 Slay+2
                  | Stlth+}
 50060 | Elf:3    | Identified the +7 rapier of Power {flame, Str+3 Int+2}
 50069 | Elf:3    | Identified the +4 bardiche of Disharmony {speed, rElec MR+
                  | Str+4}
 50432 | Elf:3    | Reached XP level 25. HP: 161/169 MP: 35/35
 50455 | Elf:3    | Cast into level 4 of the Abyss (a deep elf sorcerer)
 50900 | Abyss:4  | Found a corrupted altar of Lugonu.
 51000 | Abyss:4  | Received a gift from Okawaru
 51231 | Abyss:4  | Found a shadowy altar of Dithmenos.
 51283 | Abyss:4  | Paralysed by accursed screaming for 1 turns
 51324 | Elf:3    | Escaped the Abyss
 51739 | Elf:3    | Identified the ring "Niuck" {rPois Str+2 Int+4}
 51901 | Elf:3    | Identified Suamue's Reference Book on Harmful Clay
 51922 | Elf:3    | Identified Ereshkigal's Guide on Conjuration
 52244 | Depths:1 | Entered Level 1 of the Depths
 52772 | Depths:1 | Noticed Sojobo
 52814 | Depths:1 | Received a gift from Okawaru
 52827 | Depths:1 | Killed Sojobo
 53094 | Depths:1 | Found Teamir's Gadget Boutique.
 53095 | Depths:1 | Found Voreu's Jewellery Emporium.
 53095 | Depths:1 | Found Esumeath's Jewellery Emporium.
 53344 | Depths:1 | Found a gateway to Hell.
 53352 | Depths:1 | Reached XP level 26. HP: 175/176 MP: 35/35
 53658 | Depths:2 | Noticed Kagalorn's ghost (veteran HaIE)
 53659 | Depths:2 | Found a runed translucent door.
 53672 | Depths:2 | Found a one-way gate to the infinite horrors of the Abyss.
 53881 | Depths:2 | Noticed Asterion
 53894 | Depths:2 | Killed Asterion
 54356 | Depths:2 | Received a gift from Okawaru
 54443 | Depths:2 | Got the Tome of the Voyage
 54447 | Depths:2 | Learned a level 2 spell: Blink
 54451 | Depths:2 | Learned a level 3 spell: Lesser Beckoning
 54623 | Depths:3 | Found a one-way gate leading to the halls of Pandemonium.
 55305 | Depths:3 | Found the +8 lance "Wyrmbane" {slay drac, rPois rF+ rC+
                  | AC+3}
 56041 | Depths:4 | Got the +12 crystal plate armour of Red Miracles {rF+ rCorr
                  | Int+2}
 56195 | Depths:4 | Found Biczyrho's Distillery.
 56204 | Depths:4 | Bought a potion of haste for 210 gold pieces
 56204 | Depths:4 | Bought a potion of haste for 210 gold pieces
 56394 | Depths:4 | Reached skill level 15 in Translocations
 56617 | Depths:4 | Received a gift from Okawaru
 56623 | Depths:4 | Reached XP level 27. HP: 75/182 MP: 35/35
 56927 | Depths:4 | Identified the Compendium of Conjuration
 56933 | Depths:4 | Identified Asmodeus's Handbook of Scorching Attacks
 57170 | Depths:4 | Noticed a juggernaut
 57180 | Depths:4 | Killed a juggernaut
 57362 | Depths:4 | Received a gift from Okawaru
 57887 | Depths:5 | Entered Level 5 of the Depths
 57907 | Depths:5 | Received a gift from Okawaru
 58198 | Depths:5 | Received a gift from Okawaru
 58252 | Depths:5 | Found a gateway to a ziggurat.
 59056 | Depths:5 | Noticed Jory
 59062 | Depths:5 | Killed Jory
 59190 | Depths:5 | Found a gate to the Realm of Zot.
 59558 | Depths:5 | Identified the +1 cloak of Resonance {rN+} (You found it on
                  | level 5 of the Depths)
 59610 | Zot:1    | Entered Level 1 of the Realm of Zot
 60343 | Zot:1    | Received a gift from Okawaru
 61318 | Zot:2    | Noticed an orb of fire
 61346 | Zot:2    | Killed an orb of fire
 61491 | Zot:2    | Received a gift from Okawaru
 63102 | Zot:5    | Entered Level 5 of the Realm of Zot
 63213 | Zot:5    | Received a gift from Okawaru
 63474 | Zot:5    | Noticed an orb of fire
 63477 | Zot:5    | Gained mutation: You are clumsy. (Dex -2) [an orb of fire]
 63495 | Zot:5    | Killed an orb of fire
 63503 | Zot:5    | Noticed an ancient lich
 63516 | Zot:5    | Killed an ancient lich
 63516 | Zot:5    | Received a gift from Okawaru
 63685 | Zot:5    | Noticed an orb of fire
 63702 | Zot:5    | Gained mutation: Your spells are a little easier to cast,
                  | but a little less powerful. [an orb of fire]
 63704 | Zot:5    | Noticed an orb of fire
 63706 | Zot:5    | Killed an orb of fire
 63706 | Zot:5    | Gained mutation: You have large cloven feet. [an orb of
                  | fire]
 63729 | Zot:5    | Gained mutation: You are robust. (+10% HP) [an orb of fire]
 63730 | Zot:5    | Killed an orb of fire
 63730 | Zot:5    | Received a gift from Okawaru
 63738 | Zot:5    | Noticed an orb of fire
 63738 | Zot:5    | Noticed an ancient lich
 63762 | Zot:5    | Noticed an orb of fire
 63775 | Zot:5    | Killed an orb of fire
 63781 | Zot:5    | Received a gift from Okawaru
 63781 | Zot:5    | Lost mutation: You are robust. (+10% HP) [an orb of fire]
 63790 | Zot:5    | Gained mutation: Your spells are easier to cast, but less
                  | powerful. [an orb of fire]
 63796 | Zot:5    | Killed an orb of fire
 63810 | Zot:5    | Killed an ancient lich
 63836 | Zot:5    | Reached skill level 27 in Shields
 63885 | Zot:5    | Got a bloodstained hat {god gift}
 64048 | Zot:5    | Identified the +0 hat of Divine Leaves {rC+ MR+ Stlth-}
                  | (Okawaru gifted it to you on level 5 of the Realm of Zot)
 64069 | Zot:5    | Noticed an orb of fire
 64080 | Zot:5    | Gained mutation: Scrolls take you a little longer to read.
                  | [an orb of fire]
 64090 | Zot:5    | Gained mutation: Armour fits poorly on your strangely
                  | shaped body. [an orb of fire]
 64093 | Zot:5    | Gained mutation: You are weak. (Str -2) [an orb of fire]
 64097 | Zot:5    | Killed an orb of fire
 64123 | Zot:5    | Noticed an ancient lich
 64140 | Zot:5    | Killed an ancient lich
 64185 | Zot:5    | Noticed an orb of fire
 64210 | Zot:5    | Killed an orb of fire
 64424 | Zot:5    | Received a gift from Okawaru
 64445 | Zot:5    | Noticed an orb of fire
 64478 | Zot:5    | Gained mutation: You occasionally shout uncontrollably at
                  | your foes. [an orb of fire]
 64479 | Zot:5    | Killed an orb of fire
 64492 | Zot:5    | Noticed an orb of fire
 64520 | Zot:5    | Gained mutation: Scrolls take you longer to read. [an orb
                  | of fire]
 64525 | Zot:5    | Killed an orb of fire
 64540 | Zot:5    | Noticed an orb of fire
 64581 | Zot:5    | Killed an orb of fire
 64638 | Zot:5    | Noticed an ancient lich
 64658 | Zot:5    | Killed an ancient lich
 64693 | Zot:5    | Noticed an orb of fire
 64713 | Zot:5    | Killed an orb of fire
 65420 | Lair:1   | Fell from the grace of Okawaru
 65420 | Lair:1   | Became a worshipper of the Shining One
 65423 | Lair:1   | Lost mutation: Armour fits poorly on your strangely shaped
                  | body. [potion of mutation]
 65423 | Lair:1   | Lost mutation: You occasionally shout uncontrollably at
                  | your foes. [potion of mutation]
 65423 | Lair:1   | Lost mutation: You are clumsy. (Dex -2) [potion of
                  | mutation]
 65423 | Lair:1   | Lost mutation: Scrolls take you longer to read. [potion of
                  | mutation]
 65423 | Lair:1   | Gained mutation: You have sharp fingernails. [potion of
                  | mutation]
 65423 | Lair:1   | Gained mutation: You have a pair of small antennae on your
                  | head. [potion of mutation]
 65423 | Lair:1   | Lost mutation: Your spells are easier to cast, but less
                  | powerful. [potion of mutation]
 65424 | Lair:1   | Lost mutation: You have a pair of small antennae on your
                  | head. [potion of mutation]
 65424 | Lair:1   | Lost mutation: You are weak. (Str -2) [potion of mutation]
 65424 | Lair:1   | Gained mutation: You are resistant to hostile enchantments.
                  | (MR+) [potion of mutation]
 65424 | Lair:1   | Lost mutation: Your spells are a little easier to cast, but
                  | a little less powerful. [potion of mutation]
 65698 | Crypt:1  | Entered Level 1 of the Crypt
 65730 | Crypt:1  | Reached * piety under the Shining One
 65946 | Crypt:1  | Reached ** piety under the Shining One
 66114 | Crypt:1  | Noticed Bai Suzhen
 66128 | Crypt:1  | Killed Bai Suzhen
 66159 | Crypt:1  | Reached *** piety under the Shining One
 66847 | Crypt:2  | Reached **** piety under the Shining One
 66964 | Crypt:2  | Reached ***** piety under the Shining One
 66980 | Crypt:2  | Found a magical portal.
 67081 | WizLab   | Reached skill level 15 in Invocations
 67172 | WizLab   | Paralysed by a floating eye for 4 turns
 67203 | WizLab   | Paralysed by a floating eye for 4 turns
 67253 | WizLab   | Found the -2 hat of the Alchemist {rElec rPois rF+ rC+ rN+
                  | MR+ rMut rCorr}
 67720 | WizLab   | Identified Cigotuvi's Handbook of Sinister Changing
 67722 | WizLab   | Identified the Catalogue of the Fifty Shrikes
 68018 | Crypt:2  | Lost mutation: You are resistant to hostile enchantments.
                  | (MR+) [potion of mutation]
 68018 | Crypt:2  | Lost mutation: Scrolls take you a little longer to read.
                  | [potion of mutation]
 68018 | Crypt:2  | Lost mutation: You have large cloven feet. [potion of
                  | mutation]
 68018 | Crypt:2  | Gained mutation: Your spells are a little easier to cast,
                  | but a little less powerful. [potion of mutation]
 68018 | Crypt:2  | Gained mutation: You have an increased reservoir of magic.
                  | (+10% MP) [potion of mutation]
 68019 | Crypt:2  | Lost mutation: You have an increased reservoir of magic.
                  | (+10% MP) [potion of mutation]
 68019 | Crypt:2  | Lost mutation: Your spells are a little easier to cast, but
                  | a little less powerful. [potion of mutation]
 68019 | Crypt:2  | Gained mutation: You have sharp toenails. [potion of
                  | mutation]
 68019 | Crypt:2  | Gained mutation: Your mind is acute. (Int +2) [potion of
                  | mutation]
 68181 | Crypt:2  | Found a transporter.
 68184 | Crypt:2  | Reached ****** piety under the Shining One
 68187 | Crypt:2  | Found a transporter.
 68430 | Crypt:3  | Entered Level 3 of the Crypt
 69011 | Crypt:3  | Found a staircase to the Tomb.
 69273 | Crypt:3  | Found a basalt altar of Yredelemnul.
 69541 | Crypt:3  | Identified the Disquisition on Sinister Magic
 69904 | Crypt:3  | Got a pitted wooden ring
 69909 | Crypt:3  | Identified the ring of Pantheism {rPois rF+ MR+ Str-5
                  | Dex+7} (You found it on level 3 of the Crypt)
 70372 | Slime:1  | Entered Level 1 of the Pits of Slime
 70377 | Slime:1  | Gained mutation: Your magical capacity is low. (-10% MP) [a
                  | shining eye]
 70536 | Slime:1  | Gained mutation: You do not regenerate when monsters are
                  | visible. [a shining eye]
 71791 | Slime:2  | Was forgiven by Okawaru
 72363 | Slime:1  | Lost mutation: Your mind is acute. (Int +2) [potion of
                  | mutation]
 72363 | Slime:1  | Lost mutation: You have sharp toenails. [potion of
                  | mutation]
 72363 | Slime:1  | Lost mutation: Your magical capacity is low. (-10% MP)
                  | [potion of mutation]
 72363 | Slime:1  | Gained mutation: You are dopey. (Int -2) [potion of
                  | mutation]
 72363 | Slime:1  | Gained mutation: Your muscles are strong. (Str +2) [potion
                  | of mutation]
 72364 | Slime:1  | Lost mutation: Your muscles are strong. (Str +2) [potion of
                  | mutation]
 72364 | Slime:1  | Gained mutation: Your body sometimes deteriorates upon
                  | taking damage. [potion of mutation]
 72364 | Slime:1  | Gained mutation: Your flesh is heat resistant. (rF+)
                  | [potion of mutation]
 72365 | Slime:1  | Lost mutation: Your body sometimes deteriorates upon taking
                  | damage. [potion of mutation]
 72365 | Slime:1  | Lost mutation: You are dopey. (Int -2) [potion of mutation]
 72365 | Slime:1  | Lost mutation: You do not regenerate when monsters are
                  | visible. [potion of mutation]
 72365 | Slime:1  | Gained mutation: You can translocate small distances at
                  | will. [potion of mutation]
 72365 | Slime:1  | Lost mutation: Your flesh is heat resistant. (rF+) [potion
                  | of mutation]
 72365 | Slime:1  | Gained mutation: Your mind is acute. (Int +2) [potion of
                  | mutation]
 72485 | Slime:5  | Entered Level 5 of the Pits of Slime
 73181 | Slime:5  | Found a viscous altar of Jiyva.
 73185 | Slime:5  | Noticed the Royal Jelly
 73259 | Slime:5  | Killed the Royal Jelly
 73893 | Slime:5  | Got a slimy rune of Zot
 73911 | Slime:5  | Identified the +7 plate armour of Miwuom {*Corrode +Inv
                  | rN+++ Dex-4} (You found it on level 5 of the Pits of Slime)
 73923 | Slime:5  | Identified the +4 plate armour "Nisompur" {rElec Str+3
                  | Int+4} (You found it on level 5 of the Pits of Slime)
 74294 | Hell     | Entered the Vestibule of Hell
 74294 | Hell     | Noticed Geryon
 74329 | Hell     | Noticed Murray
 74661 | Hell     | Killed Murray
 74663 | Hell     | Killed Geryon
 74908 | Hell     | Found a gateway to the ashen valley of Gehenna.
 74965 | Hell     | Found a gateway to the decaying netherworld of Tartarus.
 75118 | Hell     | Found a gateway to the Iron City of Dis.
 75212 | Hell     | Found a gateway to the freezing wastes of Cocytus.
 75286 | Tar:1    | Entered Level 1 of Tartarus
 75445 | Tar:2    | Reached skill level 27 in Fighting
 76575 | Tar:7    | Entered Level 7 of Tartarus
 76707 | Tar:7    | Identified the Reference Book on the Earthen Arsonist
 76740 | Tar:7    | Identified the +12 great sword of the Ninety-Nine Beasts
                  | {freeze, Dex+5 Stlth+} (You found it on level 7 of
                  | Tartarus)
 77316 | Tar:7    | Identified the cursed +1 scale mail of Yredelemnul's Envy
                  | {*Slow rF+++ rC- Stlth+} (You found it on level 7 of
                  | Tartarus)
 77455 | Tar:7    | Noticed Ereshkigal
 77474 | Tar:7    | Killed Ereshkigal
 77525 | Tar:7    | Got a bone rune of Zot
 77674 | Dis:1    | Entered Level 1 of the Iron City of Dis
 79004 | Dis:5    | You are sucked into a shaft and drop 1 floor!
 79032 | Dis:6    | You are sucked into a shaft and drop 1 floor!
 79032 | Dis:7    | Entered Level 7 of the Iron City of Dis
 79431 | Dis:7    | Reached skill level 27 in Invocations
 79456 | Dis:7    | Identified Ubbozxer's Grimoire of Unholy Transmutation
 79938 | Dis:7    | Reached skill level 10 in Throwing
 80197 | Dis:7    | Identified the +4 staff of Dispater
 80197 | Dis:7    | Noticed Dispater
 80222 | Dis:7    | Killed Dispater
 80265 | Dis:7    | Got an iron rune of Zot
 80470 | Geh:1    | Entered Level 1 of Gehenna
 80608 | Geh:3    | You are sucked into a shaft and drop 2 floors!
 80729 | Geh:5    | Reached skill level 10 in Dodging
 81125 | Geh:7    | Entered Level 7 of Gehenna
 81564 | Geh:7    | Noticed the Serpent of Hell
 81578 | Geh:7    | Killed the Serpent of Hell
 81778 | Geh:7    | Reached skill level 15 in Throwing
 81918 | Geh:7    | Identified the +7 sceptre of Asmodeus
 81918 | Geh:7    | Noticed Asmodeus
 81930 | Geh:7    | Killed Asmodeus
 81936 | Geh:7    | Got an obsidian rune of Zot
 82144 | Geh:7    | Found the brooch of Shielding {Spirit SH+8}
 82769 | Coc:1    | Entered Level 1 of Cocytus
 84244 | Coc:7    | Entered Level 7 of Cocytus
 84313 | Coc:7    | Reached skill level 15 in Dodging
 84596 | Coc:7    | Identified the +1 glaive of the Butterfly {drain, rF- Str+3
                  | Dex+8}
 84596 | Coc:7    | Noticed Antaeus
 84635 | Coc:7    | Killed Antaeus
 84668 | Coc:7    | Got an icy rune of Zot
 84889 | Coc:7    | Identified Vaeruuq's Reference Book on Glamour and
                  | Transformation
 85377 | Pan      | Entered Pandemonium
 85549 | Pan      | Noticed Mennas
 85588 | Pan      | Killed Mennas
 85699 | Pan      | Gained mutation: Scrolls take you a little longer to read.
                  | [a neqoxec]
 85700 | Pan      | Noticed Ybaitid the pandemonium lord
 85703 | Pan      | Gained mutation: You evolve. [a cacodemon]
 85713 | Pan      | Killed Ybaitid the pandemonium lord
 85715 | Pan      | Gained mutation: You are frail. (-10% HP) [a cacodemon]
 85747 | Pan      | Identified the +4 long sword "Caqau" {freeze, MR+ Str+6
                  | Int-2} (You found it in Pandemonium)
 85859 | Pan      | Found a runed translucent door.
 85881 | Pan      | Found an exit through the horrors of the Abyss.
 85962 | Pan      | Noticed Pyreregg the pandemonium lord
 85974 | Pan      | Killed Pyreregg the pandemonium lord
 85977 | Pan      | Got a demonic rune of Zot
 86034 | Pan      | Took an exit into the Abyss.
 86034 | Abyss:1  | Escaped into the Abyss
 87873 | Abyss:3  | Found a corrupted altar of Lugonu.
 87959 | Abyss:3  | Got an abyssal rune of Zot
 88047 | Depths:3 | Escaped the Abyss
 88056 | Pan      | Entered Pandemonium
 88305 | Pan      | Noticed Nugui the pandemonium lord
 88359 | Pan      | Killed Nugui the pandemonium lord
 88401 | Pan      | Entered the realm of Mnoleg.
 88590 | Pan      | Gained mutation: Your body sometimes deteriorates upon
                  | taking damage. [a cacodemon]
 88619 | Pan      | Gained mutation: You tend to lose your temper in combat. [a
                  | neqoxec]
 88634 | Pan      | Lost mutation: Scrolls take you a little longer to read.
                  | [potion of mutation]
 88634 | Pan      | Lost mutation: Your mind is acute. (Int +2) [potion of
                  | mutation]
 88634 | Pan      | Lost mutation: Your body sometimes deteriorates upon taking
                  | damage. [potion of mutation]
 88634 | Pan      | Lost mutation: You tend to lose your temper in combat.
                  | [potion of mutation]
 88634 | Pan      | Gained mutation: Your spells are a little harder to cast,
                  | but a little more powerful. [potion of mutation]
 88676 | Pan      | Gained mutation: Your muscles are strong. (Str +2)
                  | [evolution]
 88725 | Pan      | Gained mutation: You are dopey. (Int -2) [a neqoxec]
 88752 | Pan      | Noticed Mnoleg
 88766 | Pan      | Killed Mnoleg
 88826 | Pan      | Got a glowing rune of Zot
 88922 | Pan      | Found a runed translucent door.
 88995 | Pan      | Noticed Omanem the pandemonium lord
 89018 | Pan      | Killed Omanem the pandemonium lord
 89176 | Pan      | Entered the realm of Cerebov.
 89741 | Pan      | Identified the +6 sword of Cerebov {flame}
 89741 | Pan      | Noticed Cerebov
 89775 | Pan      | Killed Cerebov
 89882 | Pan      | Got a fiery rune of Zot
 90145 | Pan      | Entered the realm of Gloorx Vloq.
 90320 | Pan      | Noticed Gloorx Vloq
 90326 | Pan      | Killed Gloorx Vloq
 90376 | Pan      | Got a dark rune of Zot
 90762 | Pan      | Found an exit through the horrors of the Abyss.
 90942 | Pan      | Entered the realm of Lom Lobon.
 91176 | Pan      | Noticed Lom Lobon
 91187 | Pan      | Killed Lom Lobon
 91208 | Pan      | Got a magical rune of Zot
 91275 | Pan      | Lost mutation: You are frail. (-10% HP) [evolution]
 91484 | Pan      | Found an exit through the horrors of the Abyss.
 91515 | Depths:3 | Escaped Pandemonium
 91907 | Tomb:1   | Entered Level 1 of the Tomb of the Ancients
 92141 | Tomb:1   | Noticed a greater mummy
 92142 | Tomb:1   | Noticed a greater mummy
 92153 | Tomb:1   | Killed a greater mummy
 92155 | Tomb:1   | Killed a greater mummy
 92855 | Tomb:2   | Noticed a greater mummy
 92855 | Tomb:2   | Noticed an ancient lich
 92856 | Tomb:2   | Noticed a greater mummy
 92856 | Tomb:2   | Noticed a greater mummy
 92873 | Tomb:2   | Killed an ancient lich
 92878 | Tomb:2   | Killed a greater mummy
 92884 | Tomb:2   | Killed a greater mummy
 92895 | Tomb:2   | Killed a greater mummy
 93280 | Tomb:1   | Noticed a greater mummy
 93282 | Tomb:1   | Noticed a greater mummy
 93282 | Tomb:1   | Noticed a greater mummy
 93289 | Tomb:1   | Killed a greater mummy
 93289 | Tomb:1   | Noticed a greater mummy
 93291 | Tomb:1   | Killed a greater mummy
 93293 | Tomb:1   | Noticed a greater mummy
 93295 | Tomb:1   | Noticed a greater mummy
 93297 | Tomb:1   | Noticed a greater mummy
 93317 | Tomb:1   | Killed a greater mummy
 93319 | Tomb:1   | Killed a greater mummy
 93320 | Tomb:1   | Noticed a greater mummy
 93324 | Tomb:1   | Killed a greater mummy
 93326 | Tomb:1   | Killed a greater mummy
 93326 | Tomb:1   | Noticed a greater mummy
 93352 | Tomb:1   | Killed a greater mummy
 93352 | Tomb:1   | Killed a greater mummy
 93357 | Tomb:1   | Killed a greater mummy
 93617 | Tomb:1   | Noticed a greater mummy
 93631 | Tomb:1   | Killed a greater mummy
 93675 | Tomb:1   | Noticed a greater mummy
 93685 | Tomb:1   | Killed a greater mummy
 93691 | Tomb:1   | Noticed a greater mummy
 93701 | Tomb:1   | Killed a greater mummy
 93764 | Tomb:1   | Noticed a greater mummy
 93774 | Tomb:1   | Killed a greater mummy
 93890 | Tomb:1   | Noticed a greater mummy
 93896 | Tomb:1   | Killed a greater mummy
 93919 | Tomb:1   | Noticed a greater mummy
 93928 | Tomb:1   | Noticed a greater mummy
 93929 | Tomb:1   | Noticed a greater mummy
 93932 | Tomb:1   | Killed a greater mummy
 93942 | Tomb:1   | Killed a greater mummy
 93950 | Tomb:1   | Killed a greater mummy
 94474 | Tomb:3   | Entered Level 3 of the Tomb of the Ancients
 94488 | Tomb:3   | Noticed a greater mummy
 94489 | Tomb:3   | Noticed a greater mummy
 94495 | Tomb:3   | Noticed a greater mummy
 94497 | Tomb:3   | Noticed a greater mummy
 94504 | Tomb:3   | Killed a greater mummy
 94515 | Tomb:3   | Killed a greater mummy
 94515 | Tomb:3   | Killed a greater mummy
 94525 | Tomb:3   | Noticed a greater mummy
 94526 | Tomb:3   | Killed a greater mummy
 94534 | Tomb:3   | Killed a greater mummy
 94549 | Tomb:3   | Noticed a greater mummy
 94564 | Tomb:3   | Killed a greater mummy
 94568 | Tomb:3   | Noticed a greater mummy
 94574 | Tomb:3   | Killed a greater mummy
 94612 | Tomb:3   | Noticed a greater mummy
 94613 | Tomb:3   | Found the +2 hood of the Assassin {Detection Stab+ Stlth++}
 94614 | Tomb:3   | Found the amulet of the Four Winds {rN+ MR+++ Clar}
 94622 | Tomb:3   | Killed a greater mummy
 94638 | Tomb:3   | Noticed an ancient lich
 94645 | Tomb:3   | Killed an ancient lich
 94933 | Tomb:3   | Got a golden rune of Zot
 95063 | Tomb:3   | Identified the Disquisition on Poisoning
 95070 | Tomb:3   | Identified the Almanac of the Battered Quests
 95178 | Tomb:3   | Identified the +4 broad axe of Yhen {speed, *Slow rF+++
                  | MP+9 Str+5} (You found it on level 3 of the Tomb of the
                  | Ancients)
 95861 | Zig:1    | Entered Level 1 of a ziggurat
 95878 | Zig:2    | Entered Level 2 of a ziggurat
 95901 | Zig:2    | Got a heavily runed jade amulet
 95903 | Zig:2    | Identified the amulet "Gucohul" {RegenMP +Blink rF+ rC+
                  | Dex+4} (You found it on level 2 of a ziggurat)
 95912 | Zig:3    | Entered Level 3 of a ziggurat
 95946 | Zig:4    | Entered Level 4 of a ziggurat
 95979 | Zig:5    | Entered Level 5 of a ziggurat
 96033 | Zig:6    | Entered Level 6 of a ziggurat
 96208 | Zig:6    | Got a scorched bronze amulet
 96214 | Zig:6    | Identified the amulet "Jeysmoan" {rF+ Regen+ Int+3 Stlth-}
                  | (You found it on level 6 of a ziggurat)
 96215 | Zig:6    | Identified the +0 cloak "Hoofuyh" {Regen+} (You found it on
                  | level 6 of a ziggurat)
 96270 | Zig:7    | Entered Level 7 of a ziggurat
 96302 | Zig:7    | Reached skill level 5 in Evocations
 96411 | Zig:8    | Entered Level 8 of a ziggurat
 96453 | Zig:8    | Found the +3 hat of Pondering {ponderous, MR+ MP+10 Int+5}
 96478 | Zig:8    | Identified the ring of Mupunk {+Fly rF+} (You found it on
                  | level 8 of a ziggurat)
 96484 | Zig:9    | Entered Level 9 of a ziggurat
 96502 | Zig:9    | Noticed Roowne the pandemonium lord
 96519 | Zig:9    | Killed Roowne the pandemonium lord
 96539 | Zig:9    | Found the +8 frozen axe "Frostbite" {freezing cloud, *Noise
                  | +Fly rC+}
 96610 | Zig:10   | Entered Level 10 of a ziggurat
 96661 | Zig:10   | Reached skill level 10 in Evocations
 96699 | Zig:10   | Got a pitted silver ring
 96700 | Zig:10   | Identified the ring of Bauxily {+Blink +Fly Int-5 Dex+6
                  | SInv} (You found it on level 10 of a ziggurat)
 96706 | Zig:10   | Identified Sif Muna's Guide on Blistering Earth
 96712 | Zig:10   | Got a faintly glowing glass ring
 96713 | Zig:10   | Identified the ring of Cytair {+Fly rF+} (You found it on
                  | level 10 of a ziggurat)
 96729 | Zig:11   | Entered Level 11 of a ziggurat
 97062 | Zig:12   | Entered Level 12 of a ziggurat
 97098 | Zig:12   | Noticed a greater mummy
 97102 | Zig:12   | Killed a greater mummy
 97315 | Zig:13   | Entered Level 13 of a ziggurat
 97386 | Zig:13   | Noticed a greater mummy
 97386 | Zig:13   | Noticed a greater mummy
 97394 | Zig:13   | Killed a greater mummy
 97397 | Zig:13   | Killed a greater mummy
 97446 | Zig:13   | Identified Fyoshruu's Almanac of Aerial Bewitchment
 97544 | Zig:14   | Entered Level 14 of a ziggurat
 97590 | Zig:14   | Noticed Joagoul the pandemonium lord
 97597 | Zig:14   | Cast into level 5 of the Abyss (Joagoul)
 97597 | Abyss:5  | Entered Level 5 of the Abyss
 97666 | Zig:14   | Escaped the Abyss
 97678 | Zig:14   | Killed Joagoul the pandemonium lord
 97679 | Zig:14   | Reached skill level 15 in Evocations
 97824 | Zig:14   | Found the +9 staff of Wucad Mu {channel}
 97835 | Zig:14   | Identified the amulet "Orhuqam" {Regen+ Dex+4} (You found
                  | it on level 14 of a ziggurat)
 97845 | Zig:14   | Identified the ring "Cezxoutul" {+Fly rF+++ rC+ Slay-2
                  | Stlth+} (You found it on level 14 of a ziggurat)
 97961 | Zig:15   | Entered Level 15 of a ziggurat
 97969 | Zig:15   | Noticed a greater mummy
 97973 | Zig:15   | Noticed a greater mummy
 97974 | Zig:15   | Noticed a greater mummy
 97979 | Zig:15   | Noticed a greater mummy
 97979 | Zig:15   | Noticed a greater mummy
 97980 | Zig:15   | Killed a greater mummy
 97982 | Zig:15   | Noticed a greater mummy
 97987 | Zig:15   | Killed a greater mummy
 97988 | Zig:15   | Killed a greater mummy
 97989 | Zig:15   | Killed a greater mummy
 97991 | Zig:15   | Killed a greater mummy
 97991 | Zig:15   | Killed a greater mummy
 97991 | Zig:15   | Noticed a greater mummy
 98003 | Zig:15   | Killed a greater mummy
 98005 | Zig:15   | HP: 8/199 [mummy priest/divine providence (10)]
 98042 | Zig:15   | Found the +7 pair of quick blades "Gyre" and "Gimble"
                  | {protect}
 98374 | Zig:16   | Entered Level 16 of a ziggurat
 98475 | Zig:16   | Found the +2 hat of the Bear Spirit {Spirit, +Rage rN+
                  | MR++}
 98479 | Zig:16   | Identified the +2 helmet of Itsanoduga {Regen+} (You found
                  | it on level 16 of a ziggurat)
 98504 | Zig:17   | Entered Level 17 of a ziggurat
 98542 | Zig:17   | Noticed an ancient lich
 98560 | Zig:17   | Killed an ancient lich
 98565 | Zig:17   | Noticed an ancient lich
 98586 | Zig:17   | Killed an ancient lich
 98786 | Zig:17   | Identified the Disquisition on the Entourage
 98814 | Zig:18   | Entered Level 18 of a ziggurat
 98956 | Zig:18   | Found the +0 mask of the Dragon {MR+ Slay+3 SInv}
 98962 | Zig:18   | Identified the Papyrus of Toxic Orientation
 99362 | Zig:19   | Entered Level 19 of a ziggurat
 99588 | Zig:20   | Entered Level 20 of a ziggurat
 99864 | Zig:20   | Found the +11 plutonium sword {*Contam Stlth-}
 99873 | Zig:20   | Identified the cursed ring of Hutzo {rElec AC-4 Str+2
                  | Dex-2} (You found it on level 20 of a ziggurat)
 99903 | Zig:21   | Entered Level 21 of a ziggurat
 99919 | Zig:21   | Noticed a greater mummy
 99929 | Zig:21   | Noticed a greater mummy
 99930 | Zig:21   | Killed a greater mummy
 99951 | Zig:21   | Killed a greater mummy
 99958 | Zig:21   | Noticed a greater mummy
 99973 | Zig:21   | Noticed a greater mummy
 99974 | Zig:21   | Noticed a greater mummy
 99975 | Zig:21   | Killed a greater mummy
 99976 | Zig:21   | Noticed a greater mummy
 99983 | Zig:21   | Killed a greater mummy
 99986 | Zig:21   | Killed a greater mummy
 99990 | Zig:21   | Killed a greater mummy
100046 | Zig:21   | Identified the ring "Fiasch" {+Fly rElec rC+} (You found it
                  | on level 21 of a ziggurat)
100055 | Zig:21   | Identified the ring "Securgh" {rN+ Int+7} (You found it on
                  | level 21 of a ziggurat)
100059 | Zig:21   | Identified the ring "Fotiot" {MR+ rCorr} (You found it on
                  | level 21 of a ziggurat)
100250 | Zig:22   | Entered Level 22 of a ziggurat
100309 | Zig:22   | Noticed an ancient lich
100315 | Zig:22   | Noticed an ancient lich
100325 | Zig:22   | Killed an ancient lich
100334 | Zig:22   | Killed an ancient lich
100340 | Zig:22   | Noticed an ancient lich
100342 | Zig:22   | Noticed an ancient lich
100360 | Zig:22   | Killed an ancient lich
100361 | Zig:22   | Killed an ancient lich
100555 | Zig:23   | Entered Level 23 of a ziggurat
100607 | Zig:23   | Noticed an ancient lich
100618 | Zig:23   | Noticed an ancient lich
100627 | Zig:23   | Noticed an ancient lich
100628 | Zig:23   | Killed an ancient lich
100629 | Zig:23   | Killed an ancient lich
100631 | Zig:23   | Noticed an ancient lich
100637 | Zig:23   | Killed an ancient lich
100649 | Zig:23   | Killed an ancient lich
100857 | Zig:23   | Identified the amulet of Wucretur {rPois Regen+} (You found
                  | it on level 23 of a ziggurat)
100867 | Zig:23   | Identified the ring of Rasust {Ice rN+} (You found it on
                  | level 23 of a ziggurat)
100884 | Zig:24   | Entered Level 24 of a ziggurat
101352 | Zig:24   | Identified the ring "Zoxezxe" {rN+ Str+2 Stlth-} (You found
                  | it on level 24 of a ziggurat)
101362 | Zig:24   | Identified the Guide on the Supportive Voyage
101377 | Zig:24   | Identified the Almanac of Bread
101394 | Zig:25   | Entered Level 25 of a ziggurat
101419 | Zig:25   | Noticed Rexziq the pandemonium lord
101419 | Zig:25   | Noticed Boalaluch the pandemonium lord
101431 | Zig:25   | Noticed Iruntiav the pandemonium lord
101432 | Zig:25   | Killed Rexziq the pandemonium lord
101434 | Zig:25   | Noticed Hutiat the pandemonium lord
101442 | Zig:25   | Noticed Ukiukkot the pandemonium lord
101442 | Zig:25   | Killed Boalaluch the pandemonium lord
101444 | Zig:25   | Noticed Tagago Ytrut the pandemonium lord
101444 | Zig:25   | Noticed Vuyfra the pandemonium lord
101444 | Zig:25   | Killed Iruntiav the pandemonium lord
101444 | Zig:25   | Cast into level 5 of the Abyss (Hutiat)
101444 | Abyss:5  | Entered Level 5 of the Abyss
101773 | Zig:25   | Escaped the Abyss
101774 | Zig:25   | Noticed Oliabbicow the pandemonium lord
101776 | Zig:25   | Noticed Gateg the pandemonium lord
101777 | Zig:25   | Noticed Ilierghau the pandemonium lord
101778 | Zig:25   | Noticed Yzira the pandemonium lord
101780 | Zig:25   | Killed Vuyfra the pandemonium lord
101782 | Zig:25   | Noticed Udeisox the pandemonium lord
101782 | Zig:25   | Noticed Ykeohey the pandemonium lord
101782 | Zig:25   | Killed Tagago Ytrut the pandemonium lord
101789 | Zig:25   | Noticed Liwel the pandemonium lord
101789 | Zig:25   | Killed Oliabbicow the pandemonium lord
101791 | Zig:25   | Killed Ilierghau the pandemonium lord
101792 | Zig:25   | Killed Hutiat the pandemonium lord
101793 | Zig:25   | Killed Gateg the pandemonium lord
101795 | Zig:25   | Killed Yzira the pandemonium lord
101798 | Zig:25   | Killed Ukiukkot the pandemonium lord
101803 | Zig:25   | Killed Udeisox the pandemonium lord
101805 | Zig:25   | Killed Ykeohey the pandemonium lord
101805 | Zig:25   | Killed Liwel the pandemonium lord
101879 | Zig:25   | Identified the ring "Enuipp" {rElec rPois rC+} (You found
                  | it on level 25 of a ziggurat)
101880 | Zig:25   | Identified the Disquisition on Flight and Enchantment
101891 | Zig:25   | Identified the Papyrus of Poisonous Transmutation
101919 | Zig:26   | Entered Level 26 of a ziggurat
101966 | Zig:26   | Noticed an ancient lich
101966 | Zig:26   | Noticed an ancient lich
101979 | Zig:26   | Noticed an ancient lich
101980 | Zig:26   | Killed an ancient lich
101980 | Zig:26   | Noticed an ancient lich
101982 | Zig:26   | Killed an ancient lich
101992 | Zig:26   | Killed an ancient lich
101993 | Zig:26   | Killed an ancient lich
101993 | Zig:26   | Reached skill level 27 in Armour
102010 | Zig:26   | Noticed an ancient lich
102022 | Zig:26   | Killed an ancient lich
102022 | Zig:26   | Noticed an ancient lich
102032 | Zig:26   | Killed an ancient lich
102057 | Zig:26   | Reached skill level 27 in Maces & Flails
102113 | Zig:26   | Identified the amulet of Coecux {Faith Int+4} (You found it
                  | on level 26 of a ziggurat)
102121 | Zig:26   | Identified the Almanac of Burning Translocation
102125 | Zig:26   | Identified the Collected Works on Venomous Combat Magic
102132 | Zig:26   | Identified the amulet of Foolhardiness {RegenMP rPois Dex+4
                  | Slay-5} (You found it on level 26 of a ziggurat)
102134 | Zig:26   | Identified the amulet "Xeoxer" {RegenMP rElec} (You found
                  | it on level 26 of a ziggurat)
102154 | Zig:27   | Entered Level 27 of a ziggurat
102324 | Zig:27   | Found the +8 autumn katana {vorpal, Clar}
102355 | Zig:27   | Identified the Catalogue of Intoxication and Flames
102379 | Zig:27   | Identified the ring of Peekecw {+Fly rC+ AC+4 Dex+6} (You
                  | found it on level 27 of a ziggurat)
102386 | Zig:27   | Identified the Incunabulum of the Feathery Voyage
102588 | Zot:5    | Got the Orb of Zot
102781 | Zot:1    | Noticed Gyt Ykex the pandemonium lord
103344 | D:$      | Escaped with the Orb!

Illustrated notes

Levels and vault maps discovered:
D:1:      doesnt_arrival_eight_statues, layout_rooms
D:2:      layout_loops_ring
D:3:      layout_loops_ring, gammafunk_ghost_grave, uniq_terence, uniq_ijyb
D:4:      kennysheep_goblin_castle, layout_loops_ring, kennysheep_mini_moat,
          temple_doors_e
D:5:      layout_rooms, first_ration
D:6:      minmay_evil_eye, layout_loops_ring, grunt_dithmenos_shadows,
          lemuel_zombie_altar_yredelemnul, serial_shops, kennysheep_mini
D:7:      layout_rooms, serial_shops, nicolae_shop_crystal,
          hangedman_minor_gate_pass, uniq_pikel
D:8:      layout_cave_pools, xom_teletrap_fun, erik_lair_orcish_takeover,
          serial_shops, shop, grunt_pizzeria, roderic_three_in_a_row
D:9:      layout_rooms, lemuel_crystal_altar, nicolae_overflow_hidden_temple,
          chequers_temple_overflow_minitemple, orc_0_dummy, enter_bailey_3,
          hellmonk_ghost_happy_afterlife
D:10:     layout_rooms, serial_shops, shop, kennysheep_pointless_box,
          uniq_josephine
D:11:     dragon1_lemuel, layout_loops_corners, hellmonk_ghost_happy_afterlife,
          grunt_decor_resistance
D:12:     layout_gridville, chequers_serial_rivers_micro_d,
          kennysheep_generic_room_12
D:13:     lemuel_bear_cage, layout_stronghold, david_vaults_5,
          gauntlet_entry_generic
D:14:     layout_grid_maze, fountainhead, nicolae_ru_awakened_eye, uniq_louise,
          uniq_frances, uniq_kirke, uniq_nessos
D:15:     gammafunk_enter_depths_forms, layout_rooms, zin_angel,
          palyth_stone_intersect, uniq_rupert
Temple:   nicolae_temple_figure_eight
Lair:1:   layout_regular_city, basic_altar, cheibrodos_lair_caveside_slide
Lair:2:   layout_concentric_octagons, elwin_shoals_entry_rooms
Lair:3:   layout_gridlike, minmay_snake_entry_six_corridors
Lair:4:   layout_hall_layers, ebering_ghost_xom, minivault_23
Lair:5:   layout_regular_city, minmay_slime_entry_oklob_enclosed,
          minmay_lair_oklob_chamber
Lair:6:   minmay_lair_end_frog_pond, layout_cave_pods, disabler_island,
          lemuel_fruit_tree
Shoals:1: layout_shoals, uniq_donald
Shoals:2: layout_shoals
Shoals:3: layout_shoals, gammafunk_ghost_cemetery, serial_shops,
          nicolae_shop_crystal, shop, uniq_polyphemus
Shoals:4: shoals_end_grunt_ice, layout_shoals, lightli_airlock
Snake:1:  layout_grid_shapes, serial_bayou_pond_e, grunt_megastairs_4
Snake:2:  layout_misc_corridors, minmay_shoptagon, grunt_megastairs_3
Snake:3:  layout_onion_interference, special_room
Snake:4:  snake_pit, layout_misc_corridors
Slime:1:  cheibrodos_slime_lost_civilization_9, layout_caves,
          cheibrodos_slime_lost_civilization_6
Slime:2:  layout_caves
Slime:3:  layout_caves
Slime:4:  layout_caves
Slime:5
Orc:1:    layout_caves, uniq_erica
Orc:2:    st_orc_open, layout_caves, special_room, lightli_orcish_oven
Elf:1:    minmay_elf_crystal_square, layout_onion_city, minivault_28
Elf:2:    layout_geoelf_grid, serial_shops, nicolae_shop_crystal,
          small_chamber_with_monster, st_stairs_10
Elf:3:    elf_hall, layout_loops_cross, basic_altar, serial_shops,
          nicolae_shop_window_shopping, kilobyte_mutagenic_chamber
Vaults:1: grunt_vaults_diagonal, st_greater_box_5, hangedman_vaults_hat,
          v_alt_pattern_3, vaults_room_boxed, ontoclasm_vaults_decontamination,
          vaults_room_fours, hangedman_vaults_snaps, ontoclasm_vaults_shuriken,
          layout_vaults_omnicross
Vaults:2: vaults_room_door_hall, vaults_room_fancy_cross,
          minmay_crypt_entry_simple_box, ontoclasm_vaults_chip,
          nicolae_vaults_network_quinsquares
          [nicolae_vaults_network_quincunx_subvault,
          nicolae_vaults_network_quincunx_subvault,
          nicolae_vaults_network_quincunx_subvault,
          nicolae_vaults_network_quincunx_subvault],
          hangedman_vaults_river_flow, grunt_vaults_focal,
          ontoclasm_vaults_gateway, nicolae_vaults_asterisk,
          nicolae_vaults_mini_display_case, v_misc_15, vaults_dpeg_hooks,
          hangedman_vaults_trim, layout_vaults_omnigrid, serial_shops, shop,
          uniq_nikola
Vaults:3: nicolae_vaults_c_with_doors, grunt_vaults_trifunnel, vaults_mumra_hex,
          v_alt_pattern_2, vaults_dpeg_spiral, ontoclasm_vaults_hangar,
          v_misc_11, nicolae_vaults_what_the_h, nicolae_vaults_rhombus_5,
          vaults_dpeg_diagonal, v_misc_23, nicolae_vaults_little_squares_3,
          nicolae_vaults_sealed_display, layout_vaults_maze_bifur, serial_shops,
          shop, shop, shop, shop_statue, shop
Vaults:4: nicolae_vaults_network_periphery, ontoclasm_vaults_spin,
          nicolae_vaults_murderbox, hangedman_vaults_unwind,
          nicolae_vaults_big_ls, hangedman_vaults_capsules, vaults_room_corners,
          v_misc_17, nicolae_vaults_rhombus_6, vaults_mumra_chevron_long,
          nicolae_vaults_little_squares_4, layout_vaults_big_room
Vaults:5: serial_shops
Crypt:1:  layout_catacombs, grunt_crypt_arrival_webbed, uniq_bai_suzhen
Crypt:2:  gammafunk_sealed_arena, layout_misc_corridors,
          infiniplex_enter_wizlab_water
Crypt:3:  church_of_pain_bobbens, layout_chaotic_city,
          nicolae_tomb_entry_unfolded_pyramid_diagonal, minmay_strange_pillars
Tomb:1
Tomb:2
Tomb:3
Depths:1: layout_big_octagon, grunt_mini_vestibule, minmay_misc_feat_tower,
          minmay_misc_feat_chi, st_stairs_12, water_maze_lemuel,
          serial_bayou_shore_b, firewood_loft, serial_bayou_shore_b,
          minmay_shop_grove, uniq_sojobo
Depths:2: minmay_the_grid_square_5x5_3x3 [minmay_the_grid_square_5x5_tri_point,
          minmay_the_grid_square_5x5_almost_minimal,
          minmay_the_grid_square_5x5_three, minmay_the_grid_square_5x5_fat_x,
          minmay_the_grid_square_5x5_megaprize_checkered,
          minmay_the_grid_square_5x5_tie, minmay_the_grid_square_5x5_z,
          minmay_the_grid_square_5x5_c, minmay_the_grid_square_5x5_one_wall],
          layout_gridlike, gammafunk_ghost_grave,
          nicolae_abyss_entry_one_way_or_another, pf_hell_entry_tar_river,
          skrybe_limestone_x, serial_bayou_shore_a, uniq_asterion
Depths:3: minmay_tri_stars, layout_gridlike, abyss_entry, pan_entry,
          grunt_hell_entry_dis_old, minmay_staircase_windowed_large
Depths:4: little_maze_vault, layout_basic, kennysheep_cluttered_room,
          serial_shops, shop, hell_entry, abyss_entry_small_statue_room
Depths:5: lemuel_castle_with_subvaults [lemuel_castle_interior_carwin_3],
          layout_gridlike, enter_ziggurat_e, hangedman_decor_riveting,
          hell_entry, nrook_pool_corridor, uniq_jory
Hell
Dis:1:    grunt_deathspiral_small, layout_regular_city
Dis:2:    layout_jigsaw
Dis:3:    layout_subdivisions
Dis:4:    layout_chaotic_city
Dis:5:    layout_jigsaw
Dis:6:    layout_regular_city
Dis:7:    iron_city_of_dis [dis_old, dis_wall_8], layout_chaotic_city
Geh:1:    layout_gehenna_pools_triple
Geh:2:    layout_gehenna_lava_caves
Geh:3:    layout_gehenna_pools_basic, gehenna_fire_generator,
          hangedman_elemental_grid_stream
Geh:5:    layout_gehenna_pools_box, nicolae_geh_single_fiery_grave
Geh:6:    layout_gehenna_pools_triple
Geh:7:    geh_hangedman
Coc:1:    layout_ice_bergs
Coc:2:    layout_ice_bergs
Coc:3:    layout_cocytus_water_paths
Coc:4:    layout_cocytus_water_paths
Coc:5:    layout_ice_bergs
Coc:6:    layout_cocytus_water_paths
Coc:7:    coc_old
Tar:1:    layout_cathedral_of_symmetry
Tar:2:    layout_cathedral_of_symmetry, nicolae_tar_cuneiform_not,
          nicolae_tar_cuneiform_two
Tar:3:    layout_honeycomb
Tar:4:    layout_grid_maze
Tar:5:    layout_cathedral_of_symmetry
Tar:6:    layout_grid_maze, nicolae_tar_cuneiform_city
Tar:7:    tar_old
Zot:1:    layout_onion_interference
Zot:2:    layout_misc_corridors
Zot:3:    layout_misc_corridors
Zot:4:    layout_onion_interference
Zot:5:    layout_basic

Skill      XL: |  1  2  3  4  5  6  7  8  9 10 11 12 13 14 15 16 17 18 19 20 21 22 23 24 25 26 27 |
---------------+----------------------------------------------------------------------------------+-----
Armour         | 1 2 3 4 9 10 11 13 15 16 17 27 | 27.0
Maces & Flails | 4 5 6 7 9 11 13 15 17 27 | 27.0
Shields        | 1 3 5 7 9 11 12 14 16 17 18 19 21 24 25 27 | 27.0
Fighting       | 9 12 13 14 16 17 18 20 21 27 | 27.0
Invocations    | 4 6 8 12 14 27 | 27.0
Translocations | 1 7 8 9 12 15 17 | 17.5
Throwing       | 5 8 25 | 25.9
Evocations     | 3 25 | 25.4
Dodging        | 3 6 23 | 23.1
Spellcasting   | 6 8 |  8.2

Action                   |  1- 3 |  4- 6 |  7- 9 | 10-12 | 13-15 | 16-18 | 19-21 | 22-24 | 25-27 || total
-------------------------+-------+-------+-------+-------+-------+-------+-------+-------+-------++-------
Melee: Flail             |   107 |   252 |   338 |       |       |       |       |       |       ||   697
       Morningstar       |       |       |     9 |   517 |   836 |       |       |       |       ||  1362
       Whip              |       |       |   154 |   237 |       |       |       |       |       ||   391
       Demon whip        |       |       |       |       |   464 |  1576 |  1111 |  1072 |  1713 ||  5936
       Eveningstar       |       |       |       |       |       |       |   557 |   445 |  9965 || 10967
Throw: Throwing net      |       |       |     2 |     1 |       |       |       |       |       ||     3
       Javelin           |       |       |       |    10 |     1 |       |       |       |   202 ||   213
 Cast: Lesser Beckoning  |       |       |       |       |       |       |       |       |   180 ||   180
       Blink             |       |       |       |       |       |       |       |       |    19 ||    19
Invok: Heroism           |       |       |       |     2 |     2 |       |       |       |     1 ||     5
       Finesse           |       |       |       |       |       |       |     1 |     2 |     9 ||    12
       Cleansing Flame   |       |       |       |       |       |       |       |       |   154 ||   154
 Abil: Evoke Flight      |       |       |       |     4 |     1 |       |       |       |       ||     5
       Fly               |       |       |       |       |     1 |     1 |       |       |     5 ||     7
       Stop Flying       |       |       |       |       |       |     1 |       |     1 |     5 ||     7
Evoke: Wand              |       |       |       |     8 |     7 |       |     4 |     5 |    15 ||    39
       Phantom mirror    |       |       |       |       |       |       |       |       |     2 ||     2
       Figurine of a zig |       |       |       |       |       |       |       |       |     1 ||     1
  Use: Scroll            |     1 |     2 |     1 |    16 |    13 |    11 |     7 |     7 |    81 ||   139
       Potion            |       |     3 |       |     3 |     3 |     2 |       |       |    49 ||    60
 Stab: Held in net/web   |       |       |     1 |       |       |       |       |       |       ||     1
       Paralysed         |       |       |       |    10 |       |       |       |       |       ||    10
       Petrified         |       |       |       |       |     7 |       |       |       |       ||     7
       Invisible         |       |       |       |       |     2 |       |       |       |       ||     2
       Confused          |       |       |       |       |       |       |       |       |     1 ||     1
       Distracted        |       |       |       |       |       |       |       |       |     1 ||     1
  Eat: Chunk             |     1 |     9 |    14 |    18 |    34 |    23 |    26 |    20 |    45 ||   190
       Ration            |       |       |       |     1 |     1 |     2 |       |     1 |    59 ||    64
Armor: Leather armour    |     6 |       |       |       |       |       |       |       |       ||     6
       Ring mail         |    53 |   129 |   171 |   255 |   335 |    12 |       |       |       ||   955
       Plate armour      |       |       |       |       |       |   433 |   486 |   312 |       ||  1231
       Crystal plate arm |       |       |       |       |       |       |       |   346 |  5416 ||  5762
Dodge: Dodged            |    65 |   195 |   193 |   205 |   298 |   257 |   341 |   368 |  2807 ||  4729
Block: Kite shield       |       |       |   157 |   455 |   822 |  1024 |  1088 |  1019 |  1750 ||  6315
       Reflection        |       |       |       |       |       |   108 |   119 |    99 |   311 ||   637
       Tower shield      |       |       |       |       |       |       |       |       | 13124 || 13124
